 Dungeon Crawl Stone Soup version 0.31-a0-219-g8d62b2e7bb (webtiles) character file.

Game seed: 9946821930239193248

368182 qw the Impregnable (level 22, 0/152 HPs)
             Began as a Gargoyle Fighter on July 3, 2023.
             Was an Elder of Okawaru.
             Slain by a bone dragon (4 damage)
             ... on level 4 of the Depths.
             The game lasted 00:28:50 (43421 turns).

qw the Impregnable (Gargoyle Fighter)              Turns: 43421, Time: 00:28:51

Health: 0/152      AC: 62    Str: 37    XL:     22   Next: 60%
Magic:  28/29      EV: 15    Int: 10    God:    Okawaru [****..]
Gold:   603        SH: 35    Dex: 17    Spells: 21/21 levels left

rFire   + . .        l - +6 broad axe (drain)
rCold   + + +        C - +18 shield of the Gong {Loud rN+ Will+ rCorr EV-5}
rNeg    + + .        A - +8 crystal plate armour
rPois   inf          e - +0 helmet
rElec   +            G - scarf {rC+ rF+}
rCorr   +            h - +0 pair of gloves of Poalem {Will- Dex+2 SInv}
SInv    +            q - +2 pair of slick slippers {slick, slippery, EV+4}
Will    ++...        N - amulet "Hicloo Tobli" {Acrobat Str+4} Stlth
                     s - ring "Nototets" {rPois rC+ Will+ Str+3}
HPRegen 0.45/turn    I - ring "Orosel" {rC+ Dex+6}
MPRegen 0.21/turn

%: acrobat
@: heroic, flying
A: sickness immunity, AC +16, big wings, negative energy resistance 1,
electricity resistance, torment resistance 1, petrification resistance
}: 2/15 runes: barnacled, gossamer
a: Renounce Religion, Heroism, Finesse


You were on level 4 of the Depths.
You worshipped Okawaru.
Okawaru was greatly pleased with you.
You visited 8 branches of the dungeon, and saw 39 of its levels.
You visited 1 bazaar.
You also visited: Gauntlet.

You collected 4097 gold pieces.
You spent 3494 gold pieces at shops.


Innate Abilities, Weirdness & Mutations

You are immune to sickness and miasma.
Your stone body is resilient. (AC +16)
You are immune to poison.
Your large and strong wings let you fly.
You resist negative energy. (rN+)
You are resistant to electric shocks. (rElec)
You are resistant to unholy torment.
You are immune to petrification.


   Skills:
 - Level 20.0(25.0) Fighting
 - Level 18.0(23.0) Axes
 - Level 10.3(15.3) Throwing
 - Level 22.0(27) Armour
 - Level 9.2(14.2) Dodging
 + Level 17.4(22.4) Shields
 - Level 10.0 Invocations


You had 21 spell levels left.
You didn't know any spells.
Your spell library was empty.

Inventory:

Hand Weapons
 l - a +6 broad axe of draining (weapon)
 u - the +1 hand axe "Lybebao" {spect, rC+++ Str+3 Stlth-}
   (Okawaru gifted it to you on level 2 of the Vaults)

   Str:       It affects your strength (+3).
   rC:        It renders you almost immune to cold.
   Stlth:     It makes you less stealthy.
 E - the +6 war axe of the Pits of Slime {holy, rElec rPois Int+2 Dex-5}
   (You bought it in a shop on level 2 of the Orcish Mines)

   Int:       It affects your intelligence (+2).
   Dex:       It affects your dexterity (-5).
   rElec:     It insulates you from electricity.
   rPois:     It protects you from poison.
 F - a +4 broad axe of flaming
Missiles
 c - 10 boomerangs
 o - 3 silver boomerangs (quivered)
Armour
 e - a +0 helmet (worn)
 h - the +0 pair of gloves of Poalem (worn) {Will- Dex+2 SInv}
   (Okawaru gifted it to you on level 13 of the Dungeon)

   Dex:       It affects your dexterity (+2).
   SInv:      It lets you see invisible.
   Will:      It decreases your willpower.
 p - the -1 pair of gloves of the Monk {rCorr Str+2}
   (You acquired it on level 5 of the Lair of Beasts)

   Str:       It affects your strength (+2).
   rCorr:     It protects you from acid and corrosion.
 q - the +2 pair of slick slippers (worn) {slick, slippery, EV+4}
   (You found it on level 4 of the Spider Nest)

   Slick:     Its wearer cannot be constricted, engulfed, netted or webbed.
   Slippery:  Its wearer slips away from damaging melee attacks, pulling the
   attacker onward.
   EV:        It affects your evasion (+4).
 r - the +3 hat of Pondering {ponderous, Will+ MP+10 Int+5}
   (You bought it in a shop on level 15 of the Dungeon)

   Int:       It affects your intelligence (+5).
   MP:        It affects your magic capacity (+10).
   Will:      It increases your willpower.
 t - the -1 cloak "Qaddesof" {rC- rCorr Str+4 Dex+3}
   (You found it on level 7 of the Dungeon)

   Str:       It affects your strength (+4).
   Dex:       It affects your dexterity (+3).
   rC:        It makes you vulnerable to cold.
   rCorr:     It protects you from acid and corrosion.
 w - +0 acid dragon scales
 A - a +8 crystal plate armour (worn)
 C - the +18 shield of the Gong (worn) {Loud rN+ Will+ rCorr EV-5}
   (You found it in a Gauntlet)

   Loud:      It is deafeningly noisy when blocking attacks.
   EV:        It affects your evasion (-5).
   rN:        It protects you from negative energy.
   rCorr:     It protects you from acid and corrosion.
   Will:      It increases your willpower.
 G - a scarf of resistance (worn)
 H - a +1 pair of gloves of infusion
 K - a +0 cloak
Jewellery
 s - the ring "Nototets" (left hand) {rPois rC+ Will+ Str+3}
   (You found it in a Gauntlet)

   [ring of poison resistance]

   Str:       It affects your strength (+3).
   rC:        It protects you from cold.
   rPois:     It protects you from poison.
   Will:      It increases your willpower.
 x - a ring of protection from fire
 y - a ring of resist corrosion
 z - an amulet of reflection
 D - a ring of resist corrosion
 I - the ring "Orosel" (right hand) {rC+ Dex+6}
   (You took it off a frost giant on level 2 of the Depths)

   [ring of dexterity]

   Dex:       It affects your dexterity (+6).
   rC:        It protects you from cold.
 J - the amulet of Bimaxoask {Reflect Harm Dex+2 SH+5}
   (You took it off a frost giant on level 2 of the Depths)

   [amulet of reflection]

   It reflects blocked missile attacks.
   Dex:       It affects your dexterity (+2).
   SH:        It affects your SH (+5).
   Harm:      It increases damage dealt and taken.
 L - a ring of protection from fire
 N - the amulet "Hicloo Tobli" (around neck) {Acrobat Str+4}
   (You found it on level 2 of the Depths)

   [amulet of the acrobat]

   It increases your evasion while moving and waiting.
   Str:       It affects your strength (+4).
 Y - the ring of Incredulity {Fly Str+3}
   (You acquired it on level 10 of the Dungeon)

   [ring of flight]

   Str:       It affects your strength (+3).
   Fly:       It grants you flight.
Wands
 g - a wand of digging (27)
Scrolls
 i - 21 scrolls of identify
Potions
 a - 2 potions of magic
 b - 7 potions of enlightenment
 d - 9 potions of might
 f - 4 potions of lignification
 j - 9 potions of haste
 k - 20 potions of curing
 v - 9 potions of attraction
 B - 4 potions of mutation

Dungeon Overview and Level Annotations

Branches:
Dungeon (15/15)            Temple (1/1) D:4            Lair (5/5) D:10
 Shoals (4/4) Lair:3       Spider (4/4) Lair:2        Slime (0/5) Lair:5
    Orc (2/2) D:11            Elf (0/3) Orc:2        Vaults (4/5) D:13
  Crypt (0/3) Vaults:3     Depths (4/4) D:15            Zot (0/5) Depths:4
Gauntlet (visited)

Altars:
Ashenzari
Cheibriados
Dithmenos
Elyvilon
Fedhas
Gozag
Hepliaklqana
Kikubaaqudgha
Makhleb
Nemelex Xobeh
Okawaru
Qazlal
Ru
Sif Muna
Trog
Uskayaw
Vehumet
Wu Jian
Xom
Yredelemnul
Zin
The Shining One

Shops:
D:15 *   Orc:2 (*=[   Shoals:3 [[   Vaults:2 !   Vaults:4 [   Depths:1 *!

Portals:
Hell: Depths:1 Depths:2 Depths:3
Abyss: Depths:2 Depths:3
Pandemonium: Depths:1 Depths:2
Ziggurat: Depths:1

Annotations:
D:4 2 runed translucent doors, qw's ghost, amateur GrFi
D:5 3 runed translucent doors, qw's ghost, amateur DEHu
D:15 3 runed translucent doors, Gosau's ghost, journeyman DsGl
Lair:3 2 runed translucent doors, qw's ghost, journeyman GrFi
Shoals:3 6 transporters
Depths:1 exclusions: 2 daevas and frost giant


Message History

The white draconian breathes frost at you.
The blast of cold hits you but does no damage.
The green draconian breathes poison at you.
The blast of poison misses you.
You hear a deafening roar!
You barely miss the green draconian.
The green draconian is lightly wounded.
You hit the golden dragon but do no damage.
You hit the bone dragon but do no damage.
The golden dragon closely misses you. You block the golden dragon's attack.
GONNNNG!
The golden dragon tramples you but does no damage.
The yellow draconian annihilator gestures wildly while chanting.
The yellow draconian annihilator blinks!
You block the green draconian's attack.
PANG!
The green draconian misses you.
The red draconian scorcher is empowered by the deep elf high priest's aura!
The bone dragon bites you!
The bone dragon claws you but does no damage.
The bone dragon misses you.
You hear a deafening roar!
You slice the green draconian!! You drain the green draconian.
The green draconian is heavily wounded.
You hit the golden dragon. You slash the bone dragon!
You hear a shout!
You hear a trumpeting!
You hear a bellow!
You open the green draconian like a pillowcase!!!
You drain the green draconian!
You kill the green draconian!
Okawaru accepts your kill.
You slash the harpy! You drain the harpy. You slice the golden dragon!!
You drain the golden dragon.
You hit the bone dragon but do no damage.
You closely miss the storm dragon.
The harpy changes into a sky beast!
You block the bone dragon's attack.
GONNNNG!
You block the bone dragon's attack.
PANG!
The bone dragon tramples you.
You die...

.. #... ..
#.... ..
#..... ..
#...... ..
##..e...#
..
##...d.q.#
..
#¤D0D....#
#0@0.p...#
#.YDD..}..#
##.00.....#
#...qq...#
##.......#
##..dd..#
#......
#.....


You could see a bone dragon, a green draconian monk, a golden dragon (drained),
a storm dragon, a black draconian, 2 draconians, a fire dragon, a yellow
draconian annihilator (empowered), a red draconian scorcher (empowered), a hell
knight, a deep elf high priest (brilliance aura) and a sky beast shaped shifter.

Vanquished Creatures
  Mara (Vaults:2)
  Xtahua (Vaults:3)
  3 caustic shrikes (Depths:4)
  the Enchantress (Depths:3)
  Arachne (Spider:2)
  A tentacled monstrosity (Depths:2)
  A walking earthen tome (Depths:2)
  2 liches
  Frances (Shoals:2)
  3 krakens
  A shadow dragon (Depths:3)
  4 sphinxes
  A storm dragon (Vaults:3)
  Polyphemus (Shoals:3)
  A tengu reaver (Vaults:2)
  Ilsuiw (Shoals:3)
  Donald (Vaults:2)
  4 frost giants
  A deep elf sorcerer (Vaults:3)
  2 iron dragons
  4 spectral caustic shrikes (Depths:2)
  10 vault wardens
  3 emperor scorpions (Spider:4)
  Aizul (Depths:1)
  4 ghost moths (Spider:4)
  18 ironbound preservers
  4 spriggan defenders
  Louise (Spider:1)
  3 orc warlords
  A stone giant (shapeshifter) (Depths:2)
  A broodmother (Spider:4)
  3 formless jellyfish
  A very ugly thing (Depths:2)
  6 stone giants
  A vampire knight (Depths:3)
  A green draconian (Depths:4)
  7 ironbound thunderhulks
  A minotaur (Gauntlet)
  A dire elephant (Vaults:1)
  9 spark wasps
  3 crystal guardians (Vaults:3)
  8 merfolk javelineers
  5 merfolk impalers
  8 ettins
  3 fire dragons
  6 entropy weavers
  3 great orbs of eyes
  4 rakshasas
  Harold (Lair:2)
  6 ice dragons
  4 spriggan air magi
  24 vault guards
  4 hydras
  7 yaktaur captains
  3 catoblepae
  3 peacekeepers
  3 radroaches
  2 ogre magi (D:15)
  12 centaur warriors
  An anaconda (Lair:5)
  2 hell beasts (Depths:1)
  A death knight (D:13)
  6 boulder beetles
  5 merfolk avatars
  6 merfolk aquamancers
  5 deep troll shamans
  11 two-headed ogres
  10 ironbound frosthearts
  A deep troll earth mage (Depths:2)
  3 satyrs
  A vampire mage (Depths:3)
  14 death yaks
  7 tengu warriors
  6 demonic crawlers
  21 hell knights
  5 spriggan berserkers
  3 sun demons (Depths:4)
  2 large abominations (Gauntlet)
  4 soul eaters
  Amaemon (Lair:2)
  Nergalle (D:10)
  5 pharaoh ants
  7 skysharks
  A fire crab (Gauntlet)
  2 sun moths
  A sixfirhy (D:14)
  A death drake (shapeshifter) (Depths:2)
  A flayed ghost (Depths:2)
  68 deep trolls
  14 sea snakes
  A shadow demon (Depths:1)
  10 orb spiders
  16 ironbound convokers
  2 glowing orange brains
  8 lindwurms
  5 steelbarb worms
  Pikel (D:7)
  5 phantasmal warriors
  12 wizards
  12 cyclopes
  3 necromancers
  19 harpies
  3 deep elf pyromancers
  4 oklob plants (Lair:4)
  A mana viper (shapeshifter) (D:14)
  8 orc knights
  22 wolf spiders
  13 fauns
  16 manticores
  29 ugly things
  A worldbinder (Gauntlet)
  4 moths of wrath
  2 orc sorcerers
  17 elephants
  An ice statue (Vaults:3)
  13 slime creatures
  2 water nymphs
  9 vault sentinels
  8 merfolk sirens
  2 smoke demons
  4 black mambas
  3 rust devils
  4 orange demons
  2 torpor snails
  Maggie (Lair:2)
  10 cane toads
  2 kobold demonologists (D:13)
  2 unseen horrors
  Psyche (D:8)
  27 yaktaurs
  5 komodo dragons
  An efreet (D:14)
  6 tengu conjurers
  2 ice devils
  23 merfolk
  A hellwing (D:14)
  16 polar bears
  5 meliai
  5 trolls
  3 hornets
  22 blink frogs
  26 tarantellas
  4 dream sheep (Shoals:1)
  7 wind drakes
  4 raiju (Lair:5)
  9 snapping turtles
  17 jumping spiders
  2 ynoxinuls (D:14)
  A vampire (D:10)
  2 shadows (D:11)
  12 water elementals
  A wraith (D:13)
  19 culicivoras
  2 fire bats (Gauntlet)
  45 yaks
  4 spriggans (Depths:3)
  Grum (D:9)
  10 wyverns
  6 small abominations (Gauntlet)
  3 basilisks
  A neqoxec (D:14)
  33 redbacks
  7 vampire mosquitoes
  13 wargs
  A steam dragon (D:7)
  4 acid dragons
  19 water moccasins
  Duvessa (D:6)
  13 hell hounds (Lair:5)
  2 sky beasts
  15 orc warriors
  19 black bears
  3 ice beasts
  7 boggarts
  17 wolves
  13 centaurs
  2 lemures (D:7)
  13 ogres
  A phantom (D:5)
  6 kobold brigands
  14 bullfrogs
  2 scorpions (D:6)
  Dowan (D:6)
  9 killer bees (D:10)
  A howler monkey (D:8)
  An electric eel (Lair:4)
  15 orc priests
  2 hounds
  7 jellies
  3 sleepcaps
  7 hell rats (Lair:3)
  3 iguanas
  8 orc wizards
  Robin (D:4)
  6 gnolls
  11 adders
  2 shadow imps
  An ufetubus (D:3)
  A worm (D:4)
  3 dart slugs
  61 orcs
  6 ball pythons
  11 endoplasms
  6 giant cockroaches
  17 goblins
  7 hobgoblins
  8 jackals
  2 quokkas (D:2)
  12 bats
  2 frilled lizards
  26 kobolds
  6 rats
  7 tentacles
1465 creatures vanquished.

Vanquished Creatures (others)
  A sea snake (Shoals:3)
  A tarantella (Spider:4)
  A yak (Lair:5)
  9 tentacles
12 creatures vanquished.

Grand Total: 1477 creatures vanquished

Notes
Turn   | Place    | Note
-------+----------+-------------------------------------------
     0 | D:1      | qw the Gargoyle Fighter began the quest for the Orb.
     0 | D:1      | Reached XP level 1. HP: 14/14 MP: 1/1
     0 | D:1      | 0 ||| qw: Version: 0.3-a-40-ge99b1a8
     0 | D:1      | 0 ||| qw: Game counter: 355
     0 | D:1      | 0 ||| qw: Melee chars always use a shield: true
     0 | D:1      | 0 ||| qw: God list: Okawaru
     0 | D:1      | 0 ||| qw: Allow faded altars: false
     0 | D:1      | 0 ||| qw: Do Orc after clearing Dungeon:15 true
     0 | D:1      | 0 ||| qw: Do second Lair branch before Depths: true
     0 | D:1      | 0 ||| qw: Lair rune preference: random
     0 | D:1      | 0 ||| qw: Goals: Normal, Zot:1-4, Slime:5, God:TSO, Crypt,
                  | Tomb, Abyss, Pan, Hells, Win
     0 | D:1      | 0 ||| PLANNING D:1-11
    33 | D:1      | 33 ||| Stepping ~*~*~tactically~*~*~ (hiding).
   143 | D:1      | 143 ||| DROPPING +0 club.
   253 | D:1      | Reached XP level 2. HP: 19/19 MP: 2/2
   303 | D:1      | Reached skill level 3 in Axes
   303 | D:1      | Reached XP level 3. HP: 9/23 MP: 3/3
   748 | D:1      | 748 ||| READING scroll labelled NOZARA GUONESU.
   749 | D:1      | 749 ||| READING scroll labelled KICASE LIBE.
   750 | D:1      | 750 ||| READING 3 scrolls labelled FISOKLISTRO.
   751 | D:1      | 751 ||| READING scroll labelled KEUTIOLU BYSCH.
   752 | D:1      | 752 ||| READING 2 scrolls labelled CUBUXE LEWOO.
   753 | D:1      | 753 ||| READING 3 scrolls labelled FOETOFO NIAFA.
   756 | D:1      | 756 ||| READING 2 scrolls of identify.
   756 | D:1      | 756 ||| IDENTIFYING fuming green potion
   757 | D:1      | 757 ||| DROPPING scroll of immolation.
   875 | D:2      | 875 ||| Stepping ~*~*~tactically~*~*~ (hiding).
  1033 | D:2      | Reached XP level 4. HP: 28/28 MP: 4/4
  1047 | D:2      | 1047 ||| DROPPING +0 whip.
  1170 | D:2      | 1170 ||| Stepping ~*~*~tactically~*~*~ (stealth).
  1548 | D:2      | 1548 ||| READING scroll labelled TOYWYO YSMO.
  1549 | D:2      | 1549 ||| READING 4 scrolls of identify.
  1549 | D:2      | 1549 ||| IDENTIFYING sapphire potion
  1550 | D:2      | 1550 ||| READING 3 scrolls of identify.
  1550 | D:2      | 1550 ||| IDENTIFYING viscous white potion
  1551 | D:2      | 1551 ||| READING 2 scrolls of identify.
  1551 | D:2      | 1551 ||| IDENTIFYING purple potion
  1552 | D:2      | 1552 ||| DROPPING potion of brilliance.
  1633 | D:3      | Found a faded altar of an unknown god.
  1634 | D:3      | Noticed a great orb of eyes
  1676 | D:3      | 1676 ||| DROPPING +0 mace.
  1753 | D:3      | 1753 ||| Stepping ~*~*~tactically~*~*~ (hiding).
  1897 | D:3      | Found a broken altar of Ashenzari.
  1998 | D:3      | Noticed a floating eye
  2000 | D:3      | Noticed a golden eye
  2014 | D:3      | Noticed a great orb of eyes
  2095 | D:3      | Noticed a water moccasin
  2115 | D:3      | HP: 6/28 [water moccasin (3)]
  2116 | D:3      | 2116 ||| READING 2 scrolls of teleportation.
  2117 | D:3      | 2117 ||| DRINKING potion of heal wounds.
  2118 | D:3      | Killed a water moccasin
  2119 | D:3      | Reached XP level 5. HP: 32/32 MP: 5/5
  2141 | D:3      | 2141 ||| Stepping ~*~*~tactically~*~*~ (stealth).
  2392 | D:3      | Reached XP level 6. HP: 34/38 MP: 6/6
  2458 | D:3      | 2458 ||| UPGRADING to amulet of the acrobat.
  2463 | D:3      | 2463 ||| DRINKING 2 amethyst potions.
  2464 | D:3      | 2464 ||| DRINKING 2 fizzy blue potions.
  2465 | D:3      | 2465 ||| READING 2 scrolls of identify.
  2465 | D:3      | 2465 ||| IDENTIFYING viscous silvery potion
  2466 | D:3      | 2466 ||| DROPPING potion of degeneration.
  2496 | D:4      | 2496 ||| STAIRDANCE
  2524 | D:4      | Noticed Robin
  2525 | D:4      | 2525 ||| Stepping ~*~*~tactically~*~*~ (hiding).
  2531 | D:4      | Killed Robin
  2539 | D:4      | 2539 ||| FLEEEEING.
  2540 | D:4      | 2540 ||| FLEEEEING.
  2541 | D:4      | 2541 ||| STAIRDANCE
  2603 | D:4      | 2603 ||| Stepping ~*~*~tactically~*~*~ (stealth).
  2657 | D:4      | 2657 ||| FLEEEEING.
  2658 | D:4      | 2658 ||| FLEEEEING.
  2659 | D:4      | 2659 ||| FLEEEEING.
  2805 | D:4      | 2805 ||| Stepping ~*~*~tactically~*~*~ (stealth).
  2812 | D:4      | 2812 ||| FLEEEEING.
  2813 | D:4      | 2813 ||| STAIRDANCE
  2866 | D:3      | 2866 ||| UPGRADING to +0 helmet.
  2871 | D:3      | 2871 ||| READING 2 scrolls labelled XIDGHY YDGHA.
  2872 | D:3      | 2872 ||| READING scroll of brand weapon.
  2872 | D:3      | 2872 ||| BRANDING +1 heavy war axe.
  2873 | D:3      | 2873 ||| READING scroll labelled ZUNAYMAMOR.
  2877 | D:4      | 2877 ||| Stepping ~*~*~tactically~*~*~ (stealth).
  2904 | D:4      | Reached skill level 6 in Axes
  2985 | D:4      | 2985 ||| Stepping ~*~*~tactically~*~*~ (stealth).
  3077 | D:4      | Reached skill level 1 in Dodging
  3077 | D:4      | Reached XP level 7. HP: 38/43 MP: 7/7
  3088 | D:4      | 3088 ||| FLEEEEING.
  3215 | D:4      | 3215 ||| Stepping ~*~*~tactically~*~*~ (stealth).
  3223 | D:4      | 3223 ||| FLEEEEING.
  3224 | D:4      | 3224 ||| FLEEEEING.
  3225 | D:4      | 3225 ||| FLEEEEING.
  3226 | D:4      | 3226 ||| FLEEEEING.
  3227 | D:4      | 3227 ||| FLEEEEING.
  3228 | D:4      | 3228 ||| FLEEEEING.
  3229 | D:4      | 3229 ||| FLEEEEING.
  3234 | D:4      | 3234 ||| FLEEEEING.
  3241 | D:4      | Noticed a hornet
  3242 | D:4      | 3242 ||| Stepping ~*~*~tactically~*~*~ (stealth).
  3252 | D:4      | Killed a hornet
  3505 | D:4      | Found a sacrificial altar of Ru.
  3523 | D:4      | Found a staircase to the Ecumenical Temple.
  3524 | D:4      | 3524 ||| PLANNING TEMPLE
  3524 | D:4      | 3524 ||| UPGRADING to +0 chain mail.
  3534 | D:4      | 3534 ||| DROPPING +0 scale mail.
  3535 | D:4      | 3535 ||| READING 2 scrolls of identify.
  3535 | D:4      | 3535 ||| IDENTIFYING silvery potion
  3536 | D:4      | 3536 ||| DROPPING potion of ambrosia.
  3537 | D:4      | Found a runed translucent door.
  3544 | Temple   | Entered the Ecumenical Temple
  3587 | Temple   | 3587 ||| PLANNING OKAWARU WORSHIP
  3726 | Temple   | Became a worshipper of Warmaster Okawaru
  3727 | Temple   | 3727 ||| PLANNING D:1-11
  3782 | D:4      | Reached XP level 8. HP: 43/49 MP: 8/8
  3829 | D:4      | Found a runed translucent door.
  3831 | D:4      | Noticed qw's ghost (amateur GrFi)
  3990 | D:5      | Entered Level 5 of the Dungeon
  4022 | D:5      | 4022 ||| Stepping ~*~*~tactically~*~*~ (hiding).
  4033 | D:5      | Reached skill level 1 in Throwing
  4036 | D:5      | Noticed qw's ghost (amateur DEHu)
  4037 | D:5      | Noticed a vampire
  4387 | D:5      | Reached * piety under Okawaru
  4610 | D:5      | Found a runed translucent gate.
  4610 | D:5      | Found a runed translucent gate.
  4614 | D:5      | Found a runed translucent gate.
  4631 | D:5      | Reached skill level 1 in Invocations
  4835 | D:5      | 4835 ||| UPGRADING to +2 scale mail of cold resistance.
  4845 | D:5      | 4845 ||| READING scroll labelled YZXIKH MILA.
  4963 | D:6      | Reached skill level 6 in Fighting
  5047 | D:6      | Reached skill level 3 in Invocations
  5075 | D:6      | 5075 ||| INVOKING Heroism.
  5171 | D:6      | 5171 ||| Stepping ~*~*~tactically~*~*~ (stealth).
  5175 | D:6      | 5175 ||| Stepping ~*~*~tactically~*~*~ (stealth).
  5202 | D:6      | Reached XP level 9. HP: 52/55 MP: 10/12
  5239 | D:6      | 5239 ||| INVOKING Heroism.
  5240 | D:6      | 5240 ||| Stepping ~*~*~tactically~*~*~ (stealth).
  5249 | D:6      | Reached skill level 9 in Axes
  5271 | D:6      | Noticed Duvessa
  5272 | D:6      | 5272 ||| INVOKING Heroism.
  5278 | D:6      | Killed Duvessa
  5278 | D:6      | Noticed Dowan
  5279 | D:6      | 5279 ||| Stepping ~*~*~tactically~*~*~ (stealth).
  5283 | D:6      | 5283 ||| Stepping ~*~*~tactically~*~*~ (stealth).
  5286 | D:6      | Killed Dowan
  5481 | D:6      | 5481 ||| UPGRADING to +0 pair of gloves.
  5486 | D:6      | 5486 ||| READING scroll labelled SIMPEECE KOUWE.
  5520 | D:7      | 5520 ||| INVOKING Heroism.
  5636 | D:7      | 5636 ||| INVOKING Heroism.
  5637 | D:7      | 5637 ||| Stepping ~*~*~tactically~*~*~ (cloud).
  5759 | D:7      | Reached ** piety under Okawaru
  5775 | D:7      | 5775 ||| INVOKING Heroism.
  6010 | D:7      | Identified the -1 cloak "Qaddesof" {rC- rCorr Str+4 Dex+3}
  6019 | D:7      | 6019 ||| INVOKING Heroism.
  6209 | D:7      | Noticed Pikel
  6210 | D:7      | 6210 ||| INVOKING Heroism.
  6222 | D:7      | Killed Pikel
  6223 | D:7      | Reached XP level 10. HP: 56/63 MP: 11/13
  6364 | D:7      | Found a shadowy altar of Dithmenos.
  6706 | D:7      | 6706 ||| UPGRADING to -1 cloak "Qaddesof" {rC- rCorr Str+4
                  | Dex+3}.
  6711 | D:7      | 6711 ||| READING scroll labelled GENERGHEINU.
  6754 | D:8      | 6754 ||| INVOKING Heroism.
  6784 | D:8      | 6784 ||| Stepping ~*~*~tactically~*~*~ (hiding).
  6831 | D:8      | Reached skill level 4 in Armour
  6840 | D:8      | 6840 ||| INVOKING Heroism.
  7029 | D:8      | Noticed Psyche
  7030 | D:8      | 7030 ||| INVOKING Heroism.
  7035 | D:8      | Killed Psyche
  7041 | D:8      | Reached *** piety under Okawaru
  7217 | D:8      | Noticed a two-headed ogre
  7218 | D:8      | 7218 ||| INVOKING Heroism.
  7224 | D:8      | Killed a two-headed ogre
  7242 | D:8      | 7242 ||| INVOKING Heroism.
  7258 | D:8      | 7258 ||| Stepping ~*~*~tactically~*~*~ (stealth).
  7260 | D:8      | 7260 ||| Stepping ~*~*~tactically~*~*~ (hiding).
  7261 | D:8      | 7261 ||| Stepping ~*~*~tactically~*~*~ (hiding).
  7262 | D:8      | 7262 ||| Stepping ~*~*~tactically~*~*~ (hiding).
  7263 | D:8      | 7263 ||| Stepping ~*~*~tactically~*~*~ (hiding).
  7265 | D:8      | 7265 ||| Stepping ~*~*~tactically~*~*~ (hiding).
  7268 | D:8      | 7268 ||| INVOKING Heroism.
  7274 | D:8      | Reached skill level 5 in Armour
  7444 | D:8      | 7444 ||| Stepping ~*~*~tactically~*~*~ (hiding).
  7449 | D:8      | 7449 ||| INVOKING Heroism.
  7452 | D:8      | 7452 ||| Stepping ~*~*~tactically~*~*~ (hiding).
  7470 | D:8      | 7470 ||| Stepping ~*~*~tactically~*~*~ (hiding).
  7477 | D:8      | 7477 ||| Stepping ~*~*~tactically~*~*~ (hiding).
  7505 | D:8      | 7505 ||| INVOKING Heroism.
  7505 | D:8      | Noticed a manticore
  7509 | D:8      | Reached skill level 9 in Fighting
  7511 | D:8      | Killed a manticore
  7512 | D:8      | Reached skill level 3 in Dodging
  7512 | D:8      | Reached XP level 11. HP: 61/71 MP: 11/14
  7525 | D:8      | 7525 ||| Stepping ~*~*~tactically~*~*~ (stealth).
  7527 | D:8      | 7527 ||| Stepping ~*~*~tactically~*~*~ (stealth).
  7681 | D:8      | 7681 ||| DROPPING +0 chain mail.
  7682 | D:8      | 7682 ||| UPGRADING to +0 plate armour.
  7692 | D:8      | 7692 ||| READING scroll labelled ATWUIPR JUELE.
  7741 | D:8      | 7741 ||| DRINKING 2 fizzy black potions.
  7788 | D:9      | 7788 ||| Stepping ~*~*~tactically~*~*~ (stealth).
  7790 | D:9      | 7790 ||| Stepping ~*~*~tactically~*~*~ (stealth).
  7929 | D:9      | 7929 ||| Stepping ~*~*~tactically~*~*~ (hiding).
  8054 | D:9      | 8054 ||| INVOKING Heroism.
  8076 | D:9      | Found a flagged portal.
  8077 | D:9      | 8077 ||| Stepping ~*~*~tactically~*~*~ (hiding).
  8083 | D:9      | 8083 ||| Stepping ~*~*~tactically~*~*~ (stealth).
  8090 | D:9      | 8090 ||| Stepping ~*~*~tactically~*~*~ (hiding).
  8230 | D:9      | Reached skill level 6 in Armour
  8304 | D:9      | 8304 ||| INVOKING Heroism.
  8392 | D:9      | Noticed Grum
  8393 | D:9      | 8393 ||| INVOKING Heroism.
  8412 | D:9      | Killed Grum
  8582 | D:9      | 8582 ||| READING scroll labelled JIFENN YLOEGH.
  8583 | D:9      | 8583 ||| DRINKING 2 glowing blue potions.
  8583 | D:9      | Gained mutation: Your mind is acute. (Int +4, Str/Dex -1)
                  | [potion of mutation]
  8583 | D:9      | Gained mutation: Your spells are a little harder to cast,
                  | but a little more powerful. [potion of mutation]
  8583 | D:9      | Gained mutation: You are vulnerable to heat. (rF-) [potion
                  | of mutation]
  8584 | D:9      | 8584 ||| DRINKING potion of mutation.
  8584 | D:9      | Lost mutation: You are vulnerable to heat. (rF-) [potion of
                  | mutation]
  8584 | D:9      | Lost mutation: Your mind is acute. (Int +4, Str/Dex -1)
                  | [potion of mutation]
  8584 | D:9      | Lost mutation: Your spells are a little harder to cast, but
                  | a little more powerful. [potion of mutation]
  8603 | D:10     | Entered Level 10 of the Dungeon
  8629 | D:10     | 8629 ||| INVOKING Heroism.
  8633 | D:10     | Reached skill level 7 in Armour
  8751 | D:10     | 8751 ||| Stepping ~*~*~tactically~*~*~ (hiding).
  8753 | D:10     | 8753 ||| Stepping ~*~*~tactically~*~*~ (hiding).
  8876 | D:10     | 8876 ||| Stepping ~*~*~tactically~*~*~ (stealth).
  8882 | D:10     | 8882 ||| Stepping ~*~*~tactically~*~*~ (hiding).
  8911 | D:10     | Found a staircase to the Lair.
  8974 | D:10     | Reached skill level 8 in Armour
  9011 | D:10     | Found a burning altar of Makhleb.
  9013 | D:10     | Found a radiant altar of Vehumet.
  9018 | D:10     | Found an ornate altar of the Wu Jian Council.
  9026 | D:10     | Noticed Nergalle
  9027 | D:10     | 9027 ||| INVOKING Heroism.
  9035 | D:10     | Killed Nergalle
  9171 | D:10     | Found a hide-covered altar of Uskayaw.
  9189 | D:10     | Reached **** piety under Okawaru
  9255 | D:10     | 9255 ||| DRINKING 3 potions of curing.
  9255 | D:10     | 9255 ||| (to cure confusion)
  9256 | D:10     | 9256 ||| INVOKING Heroism.
  9258 | D:10     | Reached skill level 12 in Axes
  9421 | D:10     | Found a white marble altar of Elyvilon.
  9791 | D:10     | 9791 ||| PLANNING LAIR
  9791 | D:10     | 9791 ||| UPGRADING to +0 pair of boots.
  9796 | D:10     | 9796 ||| READING scroll labelled HAJ MEEGICOHA.
  9797 | D:10     | 9797 ||| READING scroll labelled TAOMOL CAHEDEA.
  9797 | D:10     | Identified a scroll of acquirement
  9797 | D:10     | 9797 ||| ACQUIRING ring of Incredulity {Fly Str+3}
  9797 | D:10     | Acquired the ring of Incredulity {Fly Str+3}
  9799 | D:10     | 9799 ||| UPGRADING to ring of Incredulity {Fly Str+3}.
  9800 | D:10     | 9800 ||| READING 5 scrolls of identify.
  9800 | D:10     | 9800 ||| IDENTIFYING yellow potion
  9850 | Lair:1   | Entered Level 1 of the Lair of Beasts
  9850 | Lair:1   | You are sucked into a shaft and drop 1 floor!
  9853 | Lair:2   | 9853 ||| Stepping ~*~*~tactically~*~*~ (stealth).
  9856 | Lair:2   | 9856 ||| Stepping ~*~*~tactically~*~*~ (hiding).
  9861 | Lair:2   | 9861 ||| INVOKING Heroism.
  9869 | Lair:2   | 9869 ||| Stepping ~*~*~tactically~*~*~ (stealth).
  9950 | Lair:2   | Noticed Amaemon
  9950 | Lair:2   | Noticed Maggie
  9951 | Lair:2   | 9951 ||| INVOKING Heroism.
  9956 | Lair:2   | Killed Maggie
  9964 | Lair:2   | Killed Amaemon
 10004 | Lair:2   | Reached skill level 9 in Armour
 10032 | Lair:2   | 10032 ||| INVOKING Heroism.
 10052 | Lair:2   | Reached skill level 6 in Invocations
 10141 | Lair:2   | Reached skill level 6 in Shields
 10273 | Lair:1   | 10273 ||| INVOKING Heroism.
 10282 | Lair:1   | Reached ***** piety under Okawaru
 10283 | Lair:1   | Reached XP level 12. HP: 70/76 MP: 14/16
 10357 | Lair:1   | 10357 ||| INVOKING Heroism.
 10395 | Lair:1   | 10395 ||| INVOKING Heroism.
 10624 | Lair:1   | 10624 ||| Stepping ~*~*~tactically~*~*~ (stealth).
 10751 | Lair:1   | 10751 ||| INVOKING Heroism.
 11160 | Lair:1   | 11160 ||| UPGRADING to amulet of reflection.
 11170 | Lair:1   | 11170 ||| DROPPING amulet of the acrobat.
 11171 | Lair:1   | 11171 ||| READING 7 scrolls of identify.
 11171 | Lair:1   | 11171 ||| IDENTIFYING dark potion
 11172 | Lair:1   | 11172 ||| READING 6 scrolls of identify.
 11172 | Lair:1   | 11172 ||| IDENTIFYING fuming orange potion
 11173 | Lair:1   | 11173 ||| DROPPING potion of berserk rage.
 11209 | Lair:2   | Noticed Harold
 11210 | Lair:2   | 11210 ||| FLEEEEING.
 11211 | Lair:2   | 11211 ||| FLEEEEING.
 11212 | Lair:2   | 11212 ||| FLEEEEING.
 11218 | Lair:2   | 11218 ||| FLEEEEING.
 11219 | Lair:2   | 11219 ||| STAIRDANCE
 11325 | Lair:2   | 11325 ||| INVOKING Heroism.
 11335 | Lair:2   | Killed Harold
 11365 | Lair:2   | 11365 ||| INVOKING Heroism.
 11413 | Lair:2   | Identified the +3 plate armour of the Ward {Contam rElec
                  | Int+3} (Okawaru gifted it to you on level 2 of the Lair of
                  | Beasts)
 11413 | Lair:2   | Received a gift from Okawaru
 11430 | Lair:2   | Found a hole to the Spider Nest.
 11461 | Lair:2   | 11461 ||| INVOKING Heroism.
 11506 | Lair:2   | Noticed a skyshark
 11516 | Lair:2   | Killed a skyshark
 11517 | Lair:2   | Reached skill level 9 in Invocations
 11664 | Lair:2   | 11664 ||| READING scroll of brand weapon.
 11664 | Lair:2   | 11664 ||| BRANDING +1 war axe of electrocution.
 12020 | Lair:2   | 12020 ||| UPGRADING to +3 plate armour of the Ward {Contam
                  | rElec Int+3}.
 12030 | Lair:2   | 12030 ||| DROPPING +0 plate armour.
 12031 | Lair:2   | 12031 ||| DROPPING +2 scale mail of cold resistance.
 12032 | Lair:2   | 12032 ||| UPGRADING to ring of protection from cold.
 12095 | Lair:3   | 12095 ||| Stepping ~*~*~tactically~*~*~ (stealth).
 12097 | Lair:3   | 12097 ||| INVOKING Heroism.
 12132 | Lair:3   | 12132 ||| Stepping ~*~*~tactically~*~*~ (hiding).
 12371 | Lair:3   | Found a large runed translucent door.
 12372 | Lair:3   | Found a large runed translucent door.
 12374 | Lair:3   | Noticed qw's ghost (journeyman GrFi)
 12442 | Lair:3   | Found a staircase to the Shoals.
 12443 | Lair:3   | 12443 ||| Stepping ~*~*~tactically~*~*~ (hiding).
 12444 | Lair:3   | 12444 ||| Stepping ~*~*~tactically~*~*~ (hiding).
 12594 | Lair:3   | 12594 ||| Stepping ~*~*~tactically~*~*~ (stealth).
 12596 | Lair:3   | 12596 ||| Stepping ~*~*~tactically~*~*~ (stealth).
 12598 | Lair:3   | 12598 ||| Stepping ~*~*~tactically~*~*~ (stealth).
 12599 | Lair:3   | 12599 ||| Stepping ~*~*~tactically~*~*~ (stealth).
 12610 | Lair:3   | 12610 ||| INVOKING Heroism.
 12664 | Lair:3   | Identified the +3 ring mail of Agoraphobia {Drain +Inv
                  | Str+6 Stlth+}
 12872 | Lair:3   | Reached XP level 13. HP: 80/82 MP: 20/20
 12877 | Lair:3   | Reached skill level 10 in Armour
 12919 | Lair:3   | 12919 ||| Stepping ~*~*~tactically~*~*~ (stealth).
 12921 | Lair:3   | 12921 ||| INVOKING Heroism.
 13375 | Lair:4   | 13375 ||| INVOKING Heroism.
 13418 | Lair:4   | 13418 ||| STAIRDANCE
 13519 | Lair:4   | 13519 ||| INVOKING Heroism.
 13520 | Lair:4   | 13520 ||| INVOKING Finesse.
 13524 | Lair:4   | 13524 ||| SWAPPING to -1 demon whip of venom.
 13530 | Lair:4   | 13530 ||| SWAPPING to +1 war axe of draining.
 13799 | Lair:4   | 13799 ||| Stepping ~*~*~tactically~*~*~ (stealth).
 13855 | Lair:4   | 13855 ||| INVOKING Heroism.
 13856 | Lair:4   | 13856 ||| Stepping ~*~*~tactically~*~*~ (stealth).
 13857 | Lair:4   | 13857 ||| INVOKING Finesse.
 13889 | Lair:4   | 13889 ||| INVOKING Heroism.
 14242 | Lair:4   | 14242 ||| INVOKING Heroism.
 14243 | Lair:4   | 14243 ||| INVOKING Finesse.
 14275 | Lair:4   | 14275 ||| DRINKING potion of cancellation.
 14281 | Lair:4   | 14281 ||| INVOKING Heroism.
 14381 | Lair:4   | 14381 ||| DROPPING +0 hand axe.
 14399 | Lair:4   | Received a gift from Okawaru
 14401 | Lair:4   | 14401 ||| SWAPPING to +2 broad axe of venom.
 14402 | Lair:4   | 14402 ||| DROPPING +0 war axe.
 14403 | Lair:4   | 14403 ||| DROPPING +1 war axe of draining.
 14466 | Lair:4   | 14466 ||| INVOKING Heroism.
 14516 | Lair:4   | Identified the amulet of the Little Devil {Reflect rElec
                  | rPois Int+3 Dex-2 SH+5}
 14645 | Lair:4   | 14645 ||| INVOKING Heroism.
 14670 | Lair:4   | Reached skill level 11 in Armour
 14911 | Lair:4   | 14911 ||| DROPPING amulet of the Little Devil {Reflect
                  | rElec rPois Int+3 Dex-2 SH+5}.
 14912 | Lair:4   | 14912 ||| READING scroll labelled TUIKLU PIGU.
 14953 | Lair:5   | Entered Level 5 of the Lair of Beasts
 14964 | Lair:5   | 14964 ||| STAIRDANCE
 15037 | Lair:5   | 15037 ||| STAIRDANCE
 15225 | Lair:5   | Gained mutation: Your large and strong wings let you fly.
                  | [Gargoyle growth]
 15225 | Lair:5   | Reached XP level 14. HP: 90/90 MP: 21/21
 15275 | Lair:5   | 15275 ||| INVOKING Heroism.
 15281 | Lair:5   | Reached skill level 15 in Axes
 15288 | Lair:5   | 15288 ||| INVOKING Finesse.
 15517 | Lair:5   | Reached skill level 12 in Fighting
 15548 | Lair:5   | Found a staircase to the Slime Pits.
 15577 | Lair:5   | 15577 ||| FLEEEEING.
 15579 | Lair:5   | 15579 ||| STAIRDANCE
 15632 | Lair:4   | 15632 ||| READING scroll labelled RITEGR GEFOMM.
 15649 | Lair:5   | 15649 ||| FLEEEEING.
 15650 | Lair:5   | 15650 ||| FLEEEEING.
 15651 | Lair:5   | 15651 ||| FLEEEEING.
 15652 | Lair:5   | 15652 ||| STAIRDANCE
 15692 | Lair:5   | 15692 ||| Stepping ~*~*~tactically~*~*~ (stealth).
 15719 | Lair:5   | 15719 ||| Stepping ~*~*~tactically~*~*~ (stealth).
 15721 | Lair:5   | 15721 ||| Stepping ~*~*~tactically~*~*~ (stealth).
 15730 | Lair:5   | 15730 ||| FLEEEEING.
 15732 | Lair:5   | 15732 ||| INVOKING Heroism.
 15733 | Lair:5   | 15733 ||| INVOKING Finesse.
 15984 | Lair:5   | Received a gift from Okawaru
 16018 | Lair:5   | 16018 ||| Stepping ~*~*~tactically~*~*~ (stealth).
 16051 | Lair:5   | 16051 ||| Stepping ~*~*~tactically~*~*~ (stealth).
 16057 | Lair:5   | 16057 ||| INVOKING Heroism.
 16075 | Lair:5   | 16075 ||| Stepping ~*~*~tactically~*~*~ (stealth).
 16097 | Lair:5   | 16097 ||| Stepping ~*~*~tactically~*~*~ (hiding).
 16101 | Lair:5   | 16101 ||| Stepping ~*~*~tactically~*~*~ (hiding).
 16128 | Lair:5   | 16128 ||| Stepping ~*~*~tactically~*~*~ (stealth).
 16133 | Lair:5   | 16133 ||| Stepping ~*~*~tactically~*~*~ (stealth).
 16137 | Lair:5   | 16137 ||| INVOKING Heroism.
 16209 | Lair:5   | 16209 ||| INVOKING Heroism.
 16228 | Lair:5   | 16228 ||| Stepping ~*~*~tactically~*~*~ (stealth).
 16299 | Lair:5   | 16299 ||| READING 3 scrolls of enchant weapon.
 16299 | Lair:5   | 16299 ||| ENCHANTING +2 broad axe of venom.
 16300 | Lair:5   | 16300 ||| READING 2 scrolls of enchant weapon.
 16300 | Lair:5   | 16300 ||| ENCHANTING +3 broad axe of venom.
 16301 | Lair:5   | 16301 ||| READING scroll of enchant weapon.
 16301 | Lair:5   | 16301 ||| ENCHANTING +4 broad axe of venom.
 16305 | Lair:5   | 16305 ||| Stepping ~*~*~tactically~*~*~ (stealth).
 16316 | Lair:5   | 16316 ||| INVOKING Heroism.
 16334 | Lair:5   | 16334 ||| Stepping ~*~*~tactically~*~*~ (stealth).
 16353 | Lair:5   | 16353 ||| Stepping ~*~*~tactically~*~*~ (stealth).
 16372 | Lair:5   | 16372 ||| Stepping ~*~*~tactically~*~*~ (hiding).
 16373 | Lair:5   | 16373 ||| Stepping ~*~*~tactically~*~*~ (hiding).
 16390 | Lair:5   | 16390 ||| Stepping ~*~*~tactically~*~*~ (hiding).
 16404 | Lair:5   | 16404 ||| READING scroll of acquirement.
 16404 | Lair:5   | 16404 ||| ACQUIRING -1 pair of gloves of the Monk {rCorr
                  | Str+2}
 16404 | Lair:5   | Acquired the -1 pair of gloves of the Monk {rCorr Str+2}
 16406 | Lair:5   | 16406 ||| UPGRADING to -1 pair of gloves of the Monk {rCorr
                  | Str+2}.
 16416 | Lair:5   | 16416 ||| DROPPING +0 pair of gloves.
 16420 | Lair:5   | 16420 ||| Stepping ~*~*~tactically~*~*~ (hiding).
 16532 | Lair:5   | 16532 ||| Stepping ~*~*~tactically~*~*~ (stealth).
 16573 | Lair:5   | 16573 ||| Stepping ~*~*~tactically~*~*~ (stealth).
 16575 | Lair:5   | 16575 ||| Stepping ~*~*~tactically~*~*~ (stealth).
 16600 | Lair:5   | 16600 ||| Stepping ~*~*~tactically~*~*~ (stealth).
 16664 | Lair:5   | Reached skill level 3 in Throwing
 16911 | Lair:5   | 16911 ||| PLANNING D:1-11
 17007 | D:11     | 17007 ||| PLANNING GAUNTLET
 17114 | D:11     | Found a gate leading to a gauntlet.
 17123 | Gauntlet | Entered a Gauntlet
 17123 | Gauntlet | Found a transporter.
 17134 | Gauntlet | Found a transporter.
 17142 | Gauntlet | Found a runed translucent gate.
 17142 | Gauntlet | Found a runed translucent gate.
 17142 | Gauntlet | Found a runed translucent gate.
 17145 | Gauntlet | Found a transporter.
 17148 | Gauntlet | Found a transporter.
 17156 | Gauntlet | Found a transporter.
 17177 | Gauntlet | Found a transporter.
 17185 | Gauntlet | Found a runed translucent door.
 17189 | Gauntlet | Noticed a reaper
 17190 | Gauntlet | Found a transporter.
 17200 | Gauntlet | Found a transporter.
 17220 | Gauntlet | Found a transporter.
 17234 | Gauntlet | Found a transporter.
 17234 | Gauntlet | Found a transporter.
 17245 | Gauntlet | Found the macabre finger necklace {Finger+ rN+}
 17284 | Gauntlet | Found a transporter.
 17303 | Gauntlet | Found a transporter.
 17314 | Gauntlet | Found a transporter.
 17398 | Gauntlet | Received a gift from Okawaru
 17400 | Gauntlet | 17400 ||| Stepping ~*~*~tactically~*~*~ (cloud).
 17507 | Gauntlet | 17507 ||| INVOKING Heroism.
 17508 | Gauntlet | 17508 ||| INVOKING Finesse.
 17594 | Gauntlet | Identified the ring "Nototets" {rPois rC+ Will+ Str+3}
 17598 | Gauntlet | 17598 ||| UPGRADING to ring "Nototets" {rPois rC+ Will+
                  | Str+3}.
 17611 | Gauntlet | Found the +18 shield of the Gong {Loud rN+ Will+ rCorr
                  | EV-5}
 17612 | Gauntlet | 17612 ||| INVOKING Heroism.
 17613 | Gauntlet | 17613 ||| INVOKING Finesse.
 17624 | Gauntlet | Received a gift from Okawaru
 17746 | Gauntlet | 17746 ||| UPGRADING to +2 crystal plate armour.
 17756 | Gauntlet | 17756 ||| DROPPING +3 plate armour of the Ward {Contam
                  | rElec Int+3}.
 17757 | Gauntlet | 17757 ||| DROPPING +0 pair of boots of stealth.
 17758 | Gauntlet | 17758 ||| UPGRADING to +18 shield of the Gong {Loud rN+
                  | Will+ rCorr EV-5}.
 17768 | Gauntlet | 17768 ||| DROPPING +0 buckler.
 17769 | Gauntlet | 17769 ||| DROPPING +0 pair of gloves of infusion.
 17786 | D:11     | 17786 ||| PLANNING D:1-11
 17846 | D:11     | Reached XP level 15. HP: 94/96 MP: 22/22
 17967 | D:11     | 17967 ||| Stepping randomly (disturbance).
 18011 | D:11     | 18011 ||| Stepping ~*~*~tactically~*~*~ (stealth).
 18016 | D:11     | 18016 ||| Stepping ~*~*~tactically~*~*~ (hiding).
 18017 | D:11     | 18017 ||| Stepping ~*~*~tactically~*~*~ (hiding).
 18263 | D:11     | 18263 ||| Stepping ~*~*~tactically~*~*~ (hiding).
 18274 | D:11     | 18274 ||| Stepping ~*~*~tactically~*~*~ (stealth).
 18275 | D:11     | 18275 ||| Stepping ~*~*~tactically~*~*~ (stealth).
 18277 | D:11     | 18277 ||| Stepping ~*~*~tactically~*~*~ (hiding).
 18291 | D:11     | Reached skill level 9 in Shields
 18344 | D:11     | Found a staircase to the Orcish Mines.
 18452 | D:11     | 18452 ||| PLANNING D
 18452 | D:11     | 18452 ||| DROPPING ring of magical power.
 18531 | D:12     | 18531 ||| STAIRDANCE
 18590 | D:12     | Received a gift from Okawaru
 19069 | D:13     | 19069 ||| INVOKING Heroism.
 19070 | D:13     | 19070 ||| INVOKING Finesse.
 19214 | D:13     | 19214 ||| Stepping ~*~*~tactically~*~*~ (hiding).
 19241 | D:13     | 19241 ||| Stepping ~*~*~tactically~*~*~ (hiding).
 19245 | D:13     | 19245 ||| Stepping ~*~*~tactically~*~*~ (hiding).
 19284 | D:13     | 19284 ||| INVOKING Heroism.
 19372 | D:13     | 19372 ||| INVOKING Heroism.
 19503 | D:13     | Identified the +0 pair of gloves of Poalem {Will- Dex+2
                  | SInv} (Okawaru gifted it to you on level 13 of the Dungeon)
 19503 | D:13     | Received a gift from Okawaru
 19528 | D:13     | 19528 ||| Stepping ~*~*~tactically~*~*~ (stealth).
 19529 | D:13     | 19529 ||| Stepping ~*~*~tactically~*~*~ (stealth).
 19530 | D:13     | 19530 ||| Stepping ~*~*~tactically~*~*~ (stealth).
 19584 | D:13     | Reached skill level 12 in Armour
 19614 | D:13     | Found a gate to the Vaults.
 19697 | D:13     | 19697 ||| INVOKING Heroism.
 19698 | D:13     | 19698 ||| SWAPPING to -1 demon whip of venom.
 19699 | D:13     | 19699 ||| INVOKING Finesse.
 19705 | D:13     | 19705 ||| SWAPPING to +5 broad axe of venom.
 20171 | D:13     | 20171 ||| UPGRADING to +0 pair of gloves of Poalem {Will-
                  | Dex+2 SInv}.
 20227 | D:14     | 20227 ||| INVOKING Heroism.
 20228 | D:14     | 20228 ||| SWAPPING to -1 demon whip of venom.
 20234 | D:14     | 20234 ||| SWAPPING to +5 broad axe of venom.
 20242 | D:14     | 20242 ||| Stepping ~*~*~tactically~*~*~ (stealth).
 20243 | D:14     | 20243 ||| Stepping ~*~*~tactically~*~*~ (stealth).
 20247 | D:14     | 20247 ||| Stepping ~*~*~tactically~*~*~ (hiding).
 20278 | D:14     | 20278 ||| FLEEEEING.
 20279 | D:14     | 20279 ||| FLEEEEING.
 20280 | D:14     | 20280 ||| STAIRDANCE
 20346 | D:14     | 20346 ||| Stepping ~*~*~tactically~*~*~ (hiding).
 20348 | D:14     | 20348 ||| Stepping ~*~*~tactically~*~*~ (hiding).
 20372 | D:14     | Reached skill level 13 in Armour
 20385 | D:14     | 20385 ||| FLEEEEING.
 20427 | D:14     | Reached skill level 12 in Shields
 20748 | D:14     | 20748 ||| Stepping ~*~*~tactically~*~*~ (stealth).
 20878 | D:14     | 20878 ||| Stepping ~*~*~tactically~*~*~ (hiding).
 20879 | D:14     | 20879 ||| Stepping ~*~*~tactically~*~*~ (hiding).
 20918 | D:14     | Reached skill level 6 in Throwing
 21266 | D:14     | 21266 ||| READING 16 scrolls of identify.
 21266 | D:14     | 21266 ||| IDENTIFYING murky orange potion
 21267 | D:14     | 21267 ||| DROPPING potion of invisibility.
 21276 | D:15     | Entered Level 15 of the Dungeon
 21331 | D:15     | 21331 ||| INVOKING Heroism.
 21341 | D:15     | Reached XP level 16. HP: 92/101 MP: 21/23
 21341 | D:15     | 21341 ||| INVOKING Finesse.
 21361 | D:15     | Reached skill level 14 in Armour
 21384 | D:15     | 21384 ||| Stepping ~*~*~tactically~*~*~ (hiding).
 21389 | D:15     | 21389 ||| FLEEEEING.
 21390 | D:15     | 21390 ||| INVOKING Heroism.
 21452 | D:15     | 21452 ||| INVOKING Heroism.
 21469 | D:15     | 21469 ||| INVOKING Heroism.
 21471 | D:15     | Received a gift from Okawaru
 21539 | D:15     | Found Vonakk's General Store.
 21545 | D:15     | 21545 ||| BUYING +3 hat of Pondering {ponderous, Will+
                  | MP+10 Int+5} (495 gold).
 21545 | D:15     | Bought the +3 hat of Pondering {ponderous, Will+ MP+10
                  | Int+5} for 495 gold pieces
 21545 | D:15     | Found the +3 hat of Pondering {ponderous, Will+ MP+10
                  | Int+5}
 21545 | D:15     | 21545 ||| BUYING potion of curing (39 gold).
 21545 | D:15     | Bought a potion of curing for 39 gold pieces
 21545 | D:15     | 21545 ||| BUYING potion of mutation (104 gold).
 21545 | D:15     | Bought a potion of mutation for 104 gold pieces
 21545 | D:15     | 21545 ||| Stepping ~*~*~tactically~*~*~ (hiding).
 21568 | D:15     | 21568 ||| Stepping ~*~*~tactically~*~*~ (hiding).
 21577 | D:15     | 21577 ||| Stepping ~*~*~tactically~*~*~ (hiding).
 21607 | D:15     | 21607 ||| Stepping ~*~*~tactically~*~*~ (stealth).
 21814 | D:15     | Found a staircase to the Depths.
 21875 | D:15     | Found a runed translucent gate.
 21876 | D:15     | Found a runed translucent gate.
 21877 | D:15     | Found a runed translucent gate.
 21878 | D:15     | Noticed Gosau's ghost (journeyman DsGl)
 22128 | D:15     | 22128 ||| PLANNING ORC
 22254 | Orc:1    | Entered Level 1 of the Orcish Mines
 22258 | Orc:1    | 22258 ||| INVOKING Heroism.
 22259 | Orc:1    | 22259 ||| INVOKING Finesse.
 22640 | Orc:2    | Entered Level 2 of the Orcish Mines
 22648 | Orc:2    | 22648 ||| INVOKING Heroism.
 22649 | Orc:2    | Reached skill level 15 in Armour
 22650 | Orc:2    | Found Zacef's General Store.
 22663 | Orc:2    | 22663 ||| INVOKING Finesse.
 22714 | Orc:2    | 22714 ||| BUYING +6 war axe of the Pits of Slime {holy,
                  | rElec rPois Int+2 Dex-5} (674 gold).
 22714 | Orc:2    | Bought the +6 war axe of the Pits of Slime {holy, rElec
                  | rPois Int+2 Dex-5} for 674 gold pieces
 22714 | Orc:2    | 22714 ||| BUYING scroll of enchant armour (105 gold).
 22714 | Orc:2    | Bought a scroll of enchant armour for 105 gold pieces
 22714 | Orc:2    | 22714 ||| READING scroll of enchant armour.
 22714 | Orc:2    | 22714 ||| ENCHANTING +2 crystal plate armour.
 22734 | Orc:2    | 22734 ||| INVOKING Heroism.
 22735 | Orc:2    | 22735 ||| INVOKING Finesse.
 22776 | Orc:2    | Found Awujamuf's Antique Weapon Emporium.
 22837 | Orc:2    | 22837 ||| BUYING crude morningstar (216 gold).
 22837 | Orc:2    | Bought a crude morningstar for 216 gold pieces
 22837 | Orc:2    | Identified the +2 morningstar "Antecank" {freeze, Int+3
                  | Dex+3} (You bought it in a shop on level 2 of the Orcish
                  | Mines)
 22837 | Orc:2    | 22837 ||| DROPPING +0 morningstar.
 22907 | Orc:2    | Found Rerrionlu's Antique Armour Emporium.
 22966 | Orc:2    | Found Ithrugeiz's Jewellery Boutique.
 22975 | Orc:2    | 22975 ||| SHOPLISTING +4 ring of protection (576 gold, have
                  | 373).
 22975 | Orc:2    | 22975 ||| SHOPLISTING ring of fire (400 gold, have 373).
 23119 | Orc:2    | Found a staircase to the Elven Halls.
 23179 | Orc:2    | 23179 ||| PLANNING SPIDER:1-3
 23304 | Spider:1 | Entered Level 1 of the Spider Nest
 23311 | Spider:1 | 23311 ||| INVOKING Heroism.
 23343 | Spider:1 | Noticed Louise
 23344 | Spider:1 | 23344 ||| INVOKING Finesse.
 23364 | Spider:1 | 23364 ||| INVOKING Heroism.
 23389 | Spider:1 | 23389 ||| Stepping ~*~*~tactically~*~*~ (hiding).
 23398 | Spider:1 | Killed Louise
 23399 | Spider:1 | 23399 ||| Stepping ~*~*~tactically~*~*~ (hiding).
 23401 | Spider:1 | 23401 ||| Stepping ~*~*~tactically~*~*~ (hiding).
 23425 | Spider:1 | 23425 ||| Stepping ~*~*~tactically~*~*~ (stealth).
 23427 | Spider:1 | 23427 ||| Stepping ~*~*~tactically~*~*~ (stealth).
 23431 | Spider:1 | 23431 ||| Stepping ~*~*~tactically~*~*~ (stealth).
 23467 | Spider:1 | 23467 ||| Stepping ~*~*~tactically~*~*~ (hiding).
 23468 | Spider:1 | 23468 ||| Stepping ~*~*~tactically~*~*~ (hiding).
 23469 | Spider:1 | 23469 ||| Stepping ~*~*~tactically~*~*~ (hiding).
 23533 | Spider:1 | You are sucked into a shaft and drop 1 floor!
 23540 | Spider:2 | 23540 ||| INVOKING Heroism.
 23542 | Spider:2 | Noticed Arachne
 23546 | Spider:2 | Reached XP level 17. HP: 108/108 MP: 21/24
 23563 | Spider:2 | 23563 ||| INVOKING Finesse.
 23583 | Spider:2 | Killed Arachne
 23583 | Spider:2 | Received a gift from Okawaru
 24130 | Spider:2 | 24130 ||| INVOKING Finesse.
 24168 | Spider:2 | 24168 ||| Stepping ~*~*~tactically~*~*~ (stealth).
 24170 | Spider:2 | 24170 ||| Stepping ~*~*~tactically~*~*~ (stealth).
 24357 | Spider:3 | 24357 ||| INVOKING Heroism.
 24358 | Spider:3 | 24358 ||| INVOKING Finesse.
 24396 | Spider:3 | Received a gift from Okawaru
 24421 | Spider:3 | 24421 ||| Stepping ~*~*~tactically~*~*~ (stealth).
 24492 | Spider:3 | 24492 ||| Stepping ~*~*~tactically~*~*~ (stealth).
 24494 | Spider:3 | 24494 ||| Stepping ~*~*~tactically~*~*~ (hiding).
 24516 | Spider:3 | 24516 ||| Stepping ~*~*~tactically~*~*~ (stealth).
 24518 | Spider:3 | 24518 ||| Stepping ~*~*~tactically~*~*~ (stealth).
 24519 | Spider:3 | 24519 ||| Stepping ~*~*~tactically~*~*~ (stealth).
 24520 | Spider:3 | 24520 ||| Stepping ~*~*~tactically~*~*~ (stealth).
 24521 | Spider:3 | 24521 ||| Stepping ~*~*~tactically~*~*~ (stealth).
 24626 | Spider:3 | 24626 ||| READING scroll of enchant armour.
 24626 | Spider:3 | 24626 ||| ENCHANTING +3 crystal plate armour.
 24634 | Spider:3 | 24634 ||| INVOKING Finesse.
 24648 | Spider:3 | 24648 ||| Stepping ~*~*~tactically~*~*~ (hiding).
 24658 | Spider:3 | Received a gift from Okawaru
 24659 | Spider:3 | Reached skill level 16 in Armour
 24669 | Spider:3 | 24669 ||| Stepping ~*~*~tactically~*~*~ (stealth).
 24781 | Spider:3 | 24781 ||| READING scroll of acquirement.
 24781 | Spider:3 | 24781 ||| ACQUIRING 640 gold pieces
 24781 | Spider:3 | Acquired 640 gold pieces
 25050 | Spider:3 | 25050 ||| PLANNING SHOALS:1-3
 25112 | Shoals:1 | Entered Level 1 of the Shoals
 25175 | Shoals:1 | 25175 ||| INVOKING Heroism.
 25207 | Shoals:1 | Received a gift from Okawaru
 25294 | Shoals:1 | 25294 ||| FLEEEEING.
 25299 | Shoals:1 | 25299 ||| STAIRDANCE
 25524 | Shoals:1 | Received a gift from Okawaru
 25778 | Shoals:1 | Noticed a kraken
 25785 | Shoals:1 | 25785 ||| INVOKING Heroism.
 25788 | Shoals:1 | Killed a kraken
 26278 | Shoals:2 | Reached skill level 18 in Axes
 26284 | Shoals:2 | 26284 ||| INVOKING Heroism.
 26285 | Shoals:2 | 26285 ||| INVOKING Finesse.
 26333 | Shoals:2 | 26333 ||| Stepping ~*~*~tactically~*~*~ (hiding).
 26346 | Shoals:2 | 26346 ||| Stepping ~*~*~tactically~*~*~ (hiding).
 26347 | Shoals:2 | 26347 ||| Stepping ~*~*~tactically~*~*~ (hiding).
 26359 | Shoals:2 | 26359 ||| INVOKING Heroism.
 26374 | Shoals:2 | 26374 ||| Stepping ~*~*~tactically~*~*~ (stealth).
 26483 | Shoals:2 | Noticed Frances
 26484 | Shoals:2 | 26484 ||| INVOKING Heroism.
 26485 | Shoals:2 | 26485 ||| INVOKING Finesse.
 26495 | Shoals:2 | Killed Frances
 26526 | Shoals:2 | 26526 ||| Stepping ~*~*~tactically~*~*~ (hiding).
 26527 | Shoals:2 | 26527 ||| Stepping ~*~*~tactically~*~*~ (hiding).
 26546 | Shoals:2 | 26546 ||| Stepping ~*~*~tactically~*~*~ (stealth).
 26666 | Shoals:2 | Noticed a kraken
 26675 | Shoals:2 | Killed a kraken
 27194 | Shoals:2 | 27194 ||| UPGRADING to scarf of resistance.
 27204 | Shoals:2 | 27204 ||| DROPPING amulet of regeneration.
 27205 | Shoals:2 | 27205 ||| UPGRADING to ring of Incredulity {Fly Str+3}.
 27252 | Shoals:3 | 27252 ||| Stepping ~*~*~tactically~*~*~ (hiding).
 27268 | Shoals:3 | 27268 ||| INVOKING Heroism.
 27276 | Shoals:3 | HP: 18/111 [merfolk siren/+0 trident (14)]
 27277 | Shoals:3 | 27277 ||| READING 10 scrolls of teleportation.
 27278 | Shoals:3 | 27278 ||| DRINKING 8 potions of heal wounds.
 27281 | Shoals:3 | Received a gift from Okawaru
 27292 | Shoals:3 | Reached XP level 18. HP: 48/116 MP: 25/25
 27464 | Shoals:3 | 27464 ||| DROPPING -1 demon whip of venom.
 27465 | Shoals:3 | 27465 ||| DROPPING +2 morningstar "Antecank" {freeze, Int+3
                  | Dex+3}.
 27495 | Shoals:3 | Found a transporter.
 27521 | Shoals:3 | 27521 ||| Stepping ~*~*~tactically~*~*~ (hiding).
 27540 | Shoals:3 | 27540 ||| Stepping ~*~*~tactically~*~*~ (hiding).
 27542 | Shoals:3 | 27542 ||| Stepping ~*~*~tactically~*~*~ (hiding).
 27542 | Shoals:3 | Found a transporter.
 27550 | Shoals:3 | 27550 ||| Stepping ~*~*~tactically~*~*~ (hiding).
 27550 | Shoals:3 | Noticed Polyphemus
 27551 | Shoals:3 | 27551 ||| INVOKING Heroism.
 27557 | Shoals:3 | 27557 ||| INVOKING Finesse.
 27570 | Shoals:3 | Killed Polyphemus
 27577 | Shoals:3 | Noticed Ilsuiw
 27601 | Shoals:3 | Killed Ilsuiw
 27613 | Shoals:3 | HP: 11/116 [merfolk javelineer/javelin[Ilsuiw] (23)]
 27614 | Shoals:3 | 27614 ||| READING 9 scrolls of teleportation.
 27615 | Shoals:3 | 27615 ||| DRINKING 7 potions of heal wounds.
 27616 | Shoals:3 | 27616 ||| DRINKING 6 potions of heal wounds.
 27618 | Shoals:3 | HP: 17/116 [merfolk/boomerang (14)]
 27619 | Shoals:3 | 27619 ||| READING 8 scrolls of teleportation.
 27620 | Shoals:3 | 27620 ||| DRINKING 5 potions of heal wounds.
 27625 | Shoals:3 | Found a transporter.
 27790 | Shoals:3 | 27790 ||| Stepping ~*~*~tactically~*~*~ (stealth).
 27790 | Shoals:3 | Found a transporter.
 27792 | Shoals:3 | 27792 ||| Stepping ~*~*~tactically~*~*~ (stealth).
 27811 | Shoals:3 | 27811 ||| Stepping ~*~*~tactically~*~*~ (hiding).
 27812 | Shoals:3 | 27812 ||| Stepping ~*~*~tactically~*~*~ (hiding).
 27832 | Shoals:3 | 27832 ||| INVOKING Heroism.
 27869 | Shoals:3 | 27869 ||| Stepping ~*~*~tactically~*~*~ (stealth).
 27874 | Shoals:3 | 27874 ||| Stepping ~*~*~tactically~*~*~ (stealth).
 27875 | Shoals:3 | 27875 ||| Stepping ~*~*~tactically~*~*~ (stealth).
 27876 | Shoals:3 | 27876 ||| Stepping ~*~*~tactically~*~*~ (stealth).
 27877 | Shoals:3 | 27877 ||| Stepping ~*~*~tactically~*~*~ (stealth).
 27878 | Shoals:3 | 27878 ||| Stepping ~*~*~tactically~*~*~ (stealth).
 27879 | Shoals:3 | 27879 ||| Stepping ~*~*~tactically~*~*~ (stealth).
 27880 | Shoals:3 | 27880 ||| Stepping ~*~*~tactically~*~*~ (stealth).
 27936 | Shoals:3 | 27936 ||| Stepping ~*~*~tactically~*~*~ (stealth).
 27938 | Shoals:3 | 27938 ||| Stepping ~*~*~tactically~*~*~ (stealth).
 27942 | Shoals:3 | 27942 ||| Stepping ~*~*~tactically~*~*~ (hiding).
 28104 | Shoals:3 | Found a transporter.
 28107 | Shoals:3 | Found a transporter.
 28116 | Shoals:3 | 28116 ||| Stepping ~*~*~tactically~*~*~ (hiding).
 28117 | Shoals:3 | 28117 ||| Stepping ~*~*~tactically~*~*~ (hiding).
 28123 | Shoals:3 | 28123 ||| INVOKING Heroism.
 28326 | Shoals:3 | 28326 ||| Stepping ~*~*~tactically~*~*~ (hiding).
 28327 | Shoals:3 | 28327 ||| Stepping ~*~*~tactically~*~*~ (hiding).
 28328 | Shoals:3 | 28328 ||| Stepping ~*~*~tactically~*~*~ (hiding).
 28329 | Shoals:3 | 28329 ||| Stepping ~*~*~tactically~*~*~ (hiding).
 28359 | Shoals:3 | Received a gift from Okawaru
 28499 | Shoals:3 | Found Qoefawac's Armour Boutique.
 28508 | Shoals:3 | 28508 ||| BUYING -2 pair of boots "Alualah" {rPois Str+4
                  | Int-3} (117 gold).
 28508 | Shoals:3 | Bought the -2 pair of boots "Alualah" {rPois Str+4 Int-3}
                  | for 117 gold pieces
 28529 | Shoals:3 | Found Xaotime's Antique Armour Emporium.
 28537 | Shoals:3 | 28537 ||| BUYING embroidered scarf (264 gold).
 28537 | Shoals:3 | Bought an embroidered scarf for 264 gold pieces
 28762 | Shoals:3 | 28762 ||| PLANNING SPIDER:4
 28762 | Shoals:3 | 28762 ||| UPGRADING to -2 pair of boots "Alualah" {rPois
                  | Str+4 Int-3}.
 28772 | Shoals:3 | 28772 ||| DROPPING +0 pair of boots.
 28773 | Shoals:3 | 28773 ||| DROPPING scarf of resistance.
 28923 | Spider:4 | Entered Level 4 of the Spider Nest
 28924 | Spider:4 | 28924 ||| Stepping ~*~*~tactically~*~*~ (hiding).
 28927 | Spider:4 | 28927 ||| Stepping ~*~*~tactically~*~*~ (hiding).
 28931 | Spider:4 | 28931 ||| INVOKING Heroism.
 28946 | Spider:4 | Reached skill level 17 in Armour
 28946 | Spider:4 | HP: 26/116 [broodmother (20)]
 28947 | Spider:4 | 28947 ||| READING 8 scrolls of teleportation.
 28948 | Spider:4 | 28948 ||| DRINKING 4 potions of heal wounds.
 28963 | Spider:4 | 28963 ||| Stepping ~*~*~tactically~*~*~ (stealth).
 28989 | Spider:4 | 28989 ||| INVOKING Heroism.
 28993 | Spider:4 | HP: 21/116 [wolf spider (10)]
 28994 | Spider:4 | 28994 ||| READING 7 scrolls of teleportation.
 28995 | Spider:4 | 28995 ||| DRINKING 3 potions of heal wounds.
 29008 | Spider:4 | 29008 ||| INVOKING Finesse.
 29028 | Spider:4 | HP: 29/117 [spark wasp (5)]
 29029 | Spider:4 | 29029 ||| READING 6 scrolls of teleportation.
 29031 | Spider:4 | 29031 ||| DRINKING 2 potions of heal wounds.
 29082 | Spider:4 | Reached skill level 15 in Fighting
 29083 | Spider:4 | 29083 ||| INVOKING Heroism.
 29113 | Spider:4 | 29113 ||| INVOKING Finesse.
 29120 | Spider:4 | 29120 ||| Stepping ~*~*~tactically~*~*~ (hiding).
 29121 | Spider:4 | 29121 ||| Stepping ~*~*~tactically~*~*~ (hiding).
 29136 | Spider:4 | Received a gift from Okawaru
 29173 | Spider:4 | HP: 3/119 [emperor scorpion (30)]
 29174 | Spider:4 | 29174 ||| READING 5 scrolls of teleportation.
 29175 | Spider:4 | 29175 ||| DRINKING potion of heal wounds.
 29178 | Spider:4 | 29178 ||| INVOKING Heroism.
 29178 | Spider:4 | HP: 18/119 [emperor scorpion (6)]
 29247 | Spider:4 | 29247 ||| Stepping ~*~*~tactically~*~*~ (stealth).
 29248 | Spider:4 | 29248 ||| INVOKING Heroism.
 29495 | Spider:4 | 29495 ||| Stepping ~*~*~tactically~*~*~ (stealth).
 29497 | Spider:4 | 29497 ||| INVOKING Heroism.
 29517 | Spider:4 | Found the +2 pair of slick slippers {slick, slippery, EV+4}
 29528 | Spider:4 | Identified the +1 pair of gloves of Noughts and Crosses
                  | {Str-2 Dex+3}
 29534 | Spider:4 | Got a gossamer rune of Zot
 29561 | Spider:4 | 29561 ||| FLEEEEING.
 29562 | Spider:4 | 29562 ||| FLEEEEING.
 29563 | Spider:4 | 29563 ||| FLEEEEING.
 29564 | Spider:4 | 29564 ||| FLEEEEING.
 29565 | Spider:4 | 29565 ||| FLEEEEING.
 29566 | Spider:4 | 29566 ||| FLEEEEING.
 29646 | Spider:4 | 29646 ||| Stepping ~*~*~tactically~*~*~ (stealth).
 29666 | Spider:4 | 29666 ||| UPGRADING to +2 pair of slick slippers {slick,
                  | slippery, EV+4}.
 29676 | Spider:4 | 29676 ||| DROPPING -2 pair of boots "Alualah" {rPois Str+4
                  | Int-3}.
 29808 | Spider:4 | 29808 ||| READING scroll of brand weapon.
 29808 | Spider:4 | 29808 ||| BRANDING +5 broad axe of venom.
 30164 | Spider:4 | 30164 ||| PLANNING VAULTS:1-4
 30164 | Spider:4 | 30164 ||| DROPPING ring of wizardry.
 30331 | Vaults:1 | Entered Level 1 of the Vaults
 30373 | Vaults:1 | 30373 ||| INVOKING Heroism.
 30376 | Vaults:1 | HP: 8/119 [ironbound preserver/+0 great mace (29)]
 30377 | Vaults:1 | 30377 ||| READING 5 scrolls of teleportation.
 30381 | Vaults:1 | HP: 2/119 [disintegration (8)]
 30512 | Vaults:1 | 30512 ||| INVOKING Heroism.
 30527 | Vaults:1 | 30527 ||| INVOKING Heroism.
 30553 | Vaults:1 | Reached skill level 15 in Shields
 30570 | Vaults:1 | Received a gift from Okawaru
 30829 | Vaults:1 | 30829 ||| Stepping ~*~*~tactically~*~*~ (hiding).
 30838 | Vaults:1 | Reached XP level 19. HP: 124/124 MP: 20/26
 31256 | Vaults:1 | 31256 ||| Stepping ~*~*~tactically~*~*~ (hiding).
 31263 | Vaults:1 | Reached skill level 9 in Throwing
 31295 | Vaults:1 | 31295 ||| Stepping ~*~*~tactically~*~*~ (hiding).
 31324 | Vaults:1 | 31324 ||| Stepping ~*~*~tactically~*~*~ (stealth).
 31337 | Vaults:1 | 31337 ||| Stepping ~*~*~tactically~*~*~ (stealth).
 31380 | Vaults:1 | 31380 ||| Stepping ~*~*~tactically~*~*~ (hiding).
 31586 | Vaults:1 | 31586 ||| Stepping ~*~*~tactically~*~*~ (stealth).
 31588 | Vaults:1 | 31588 ||| Stepping ~*~*~tactically~*~*~ (stealth).
 31615 | Vaults:1 | Received a gift from Okawaru
 31646 | Vaults:1 | Reached skill level 18 in Armour
 32025 | Vaults:1 | 32025 ||| READING 22 scrolls of identify.
 32025 | Vaults:1 | 32025 ||| IDENTIFYING puce potion
 32050 | Vaults:2 | Received a gift from Okawaru
 32065 | Vaults:2 | 32065 ||| Stepping ~*~*~tactically~*~*~ (hiding).
 32075 | Vaults:2 | 32075 ||| Stepping ~*~*~tactically~*~*~ (hiding).
 32084 | Vaults:2 | Noticed Mara
 32085 | Vaults:2 | 32085 ||| INVOKING Heroism.
 32086 | Vaults:2 | 32086 ||| INVOKING Finesse.
 32094 | Vaults:2 | Noticed qw's illusion
 32132 | Vaults:2 | Killed Mara
 32182 | Vaults:2 | 32182 ||| FLEEEEING.
 32183 | Vaults:2 | 32183 ||| FLEEEEING.
 32184 | Vaults:2 | 32184 ||| FLEEEEING.
 32185 | Vaults:2 | 32185 ||| FLEEEEING.
 32190 | Vaults:2 | 32190 ||| STAIRDANCE
 32285 | Vaults:2 | Identified the +1 hand axe "Lybebao" {spect, rC+++ Str+3
                  | Stlth-} (Okawaru gifted it to you on level 2 of the Vaults)
 32285 | Vaults:2 | Received a gift from Okawaru
 32312 | Vaults:2 | 32312 ||| Stepping ~*~*~tactically~*~*~ (stealth).
 32357 | Vaults:2 | 32357 ||| INVOKING Heroism.
 32359 | Vaults:2 | 32359 ||| INVOKING Finesse.
 32470 | Vaults:2 | 32470 ||| Stepping ~*~*~tactically~*~*~ (stealth).
 32550 | Vaults:2 | 32550 ||| INVOKING Heroism.
 32552 | Vaults:2 | 32552 ||| INVOKING Finesse.
 32580 | Vaults:2 | Noticed Donald
 32582 | Vaults:2 | Killed Donald
 32588 | Vaults:2 | Received a gift from Okawaru
 32597 | Vaults:2 | 32597 ||| Stepping ~*~*~tactically~*~*~ (hiding).
 32598 | Vaults:2 | 32598 ||| Stepping ~*~*~tactically~*~*~ (hiding).
 32619 | Vaults:2 | 32619 ||| Stepping ~*~*~tactically~*~*~ (stealth).
 32620 | Vaults:2 | 32620 ||| Stepping ~*~*~tactically~*~*~ (stealth).
 32639 | Vaults:2 | Reached skill level 19 in Armour
 32661 | Vaults:2 | 32661 ||| DROPPING +2 war axe of electrocution.
 32662 | Vaults:2 | 32662 ||| DROPPING +3 war axe of draining.
 32741 | Vaults:2 | Reached XP level 20. HP: 124/134 MP: 27/27
 32906 | Vaults:2 | Found Cixkyd's Distillery.
 32912 | Vaults:2 | 32912 ||| BUYING 2 potions of curing (96 gold).
 32912 | Vaults:2 | Bought 2 potions of curing for 96 gold pieces
 32912 | Vaults:2 | 32912 ||| BUYING potion of curing (48 gold).
 32912 | Vaults:2 | Bought a potion of curing for 48 gold pieces
 32912 | Vaults:2 | 32912 ||| BUYING potion of enlightenment (80 gold).
 32912 | Vaults:2 | Bought a potion of enlightenment for 80 gold pieces
 32912 | Vaults:2 | 32912 ||| BUYING potion of enlightenment (80 gold).
 32912 | Vaults:2 | Bought a potion of enlightenment for 80 gold pieces
 32912 | Vaults:2 | 32912 ||| BUYING potion of might (64 gold).
 32912 | Vaults:2 | Bought a potion of might for 64 gold pieces
 33247 | Vaults:2 | Received a gift from Okawaru
 33364 | Vaults:2 | Identified the +5 chain mail of Poor Excuses {Drain Str+3
                  | Int+2}
 33445 | Vaults:2 | Identified the +7 morningstar of the Cup {holy, Fly Dex+4
                  | SInv}
 33714 | Vaults:3 | Found a gateway to a bazaar.
 33715 | Vaults:3 | 33715 ||| PLANNING BAZAAR
 33715 | Vaults:3 | 33715 ||| INVOKING Heroism.
 33716 | Vaults:3 | 33716 ||| INVOKING Finesse.
 33800 | Bazaar   | Entered a bazaar
 33800 | Bazaar   | Found Coiq's Weapon Emporium.
 33802 | Bazaar   | Found Suckulann's General Store.
 33809 | Bazaar   | Found Semaet's Antique Armour Shoppe.
 33812 | Bazaar   | 33812 ||| BUYING potion of haste (110 gold).
 33812 | Bazaar   | Bought a potion of haste for 110 gold pieces
 33812 | Bazaar   | 33812 ||| BUYING scroll of enchant armour (82 gold).
 33812 | Bazaar   | Bought a scroll of enchant armour for 82 gold pieces
 33812 | Bazaar   | 33812 ||| READING scroll of enchant armour.
 33812 | Bazaar   | 33812 ||| ENCHANTING +4 crystal plate armour.
 33815 | Bazaar   | Found Emmuh's Magic Scroll Shoppe.
 33819 | Bazaar   | 33819 ||| BUYING pair of runed boots (210 gold).
 33819 | Bazaar   | Bought a pair of runed boots for 210 gold pieces
 33823 | Bazaar   | Found Exa Xaan's Book Shoppe.
 33825 | Bazaar   | 33825 ||| BUYING scroll of enchant armour (90 gold).
 33825 | Bazaar   | Bought a scroll of enchant armour for 90 gold pieces
 33825 | Bazaar   | 33825 ||| BUYING scroll of enchant weapon (90 gold).
 33825 | Bazaar   | Bought a scroll of enchant weapon for 90 gold pieces
 33825 | Bazaar   | 33825 ||| BUYING scroll of teleportation (36 gold).
 33825 | Bazaar   | Bought a scroll of teleportation for 36 gold pieces
 33825 | Bazaar   | 33825 ||| READING scroll of enchant armour.
 33825 | Bazaar   | 33825 ||| ENCHANTING +5 crystal plate armour.
 33826 | Bazaar   | 33826 ||| READING scroll of enchant weapon.
 33826 | Bazaar   | 33826 ||| ENCHANTING +5 broad axe of draining.
 33844 | Bazaar   | 33844 ||| DROPPING +0 pair of boots of flying.
 33850 | Vaults:3 | 33850 ||| PLANNING VAULTS:1-4
 33868 | Vaults:3 | 33868 ||| Stepping ~*~*~tactically~*~*~ (hiding).
 33889 | Vaults:3 | 33889 ||| INVOKING Heroism.
 33920 | Vaults:3 | 33920 ||| INVOKING Heroism.
 33929 | Vaults:3 | Identified the +1 buckler of Baskadd {Dex+2} (Okawaru
                  | gifted it to you on level 3 of the Vaults)
 33929 | Vaults:3 | Received a gift from Okawaru
 33933 | Vaults:3 | Noticed Xtahua
 33934 | Vaults:3 | 33934 ||| DRINKING potion of resistance.
 33941 | Vaults:3 | HP: 25/136 [Xtahua (11)]
 33942 | Vaults:3 | 33942 ||| READING 5 scrolls of teleportation.
 33944 | Vaults:3 | Killed Xtahua
 33945 | Vaults:3 | Reached skill level 18 in Fighting
 33949 | Vaults:3 | 33949 ||| INVOKING Heroism.
 33954 | Vaults:3 | 33954 ||| READING 4 scrolls of teleportation.
 33958 | Vaults:3 | 33958 ||| READING 3 scrolls of teleportation.
 33997 | Vaults:3 | HP: 34/136 [deep troll[an ironbound preserver] (6)]
 33998 | Vaults:3 | 33998 ||| READING 2 scrolls of teleportation.
 34000 | Vaults:3 | 34000 ||| INVOKING Heroism.
 34581 | Vaults:3 | 34581 ||| Stepping ~*~*~tactically~*~*~ (hiding).
 34761 | Vaults:3 | 34761 ||| Stepping ~*~*~tactically~*~*~ (hiding).
 35023 | Vaults:3 | 35023 ||| Stepping ~*~*~tactically~*~*~ (stealth).
 35025 | Vaults:3 | 35025 ||| Stepping ~*~*~tactically~*~*~ (hiding).
 35113 | Vaults:3 | Found a staircase to the Crypt.
 35113 | Vaults:3 | Found an ancient bone altar of Kikubaaqudgha.
 35113 | Vaults:3 | Found a basalt altar of Yredelemnul.
 35429 | Vaults:4 | 35429 ||| Stepping ~*~*~tactically~*~*~ (hiding).
 35446 | Vaults:4 | 35446 ||| Stepping ~*~*~tactically~*~*~ (hiding).
 35459 | Vaults:4 | Reached skill level 20 in Armour
 35555 | Vaults:4 | 35555 ||| Stepping ~*~*~tactically~*~*~ (hiding).
 35556 | Vaults:4 | 35556 ||| Stepping ~*~*~tactically~*~*~ (hiding).
 35613 | Vaults:4 | 35613 ||| Stepping ~*~*~tactically~*~*~ (hiding).
 35614 | Vaults:4 | 35614 ||| Stepping ~*~*~tactically~*~*~ (hiding).
 35728 | Vaults:4 | Found Lyafagg's Armour Shoppe.
 35751 | Vaults:4 | Paralysed by a sphinx for 5 turns
 35760 | Vaults:4 | 35760 ||| FLEEEEING.
 35761 | Vaults:4 | 35761 ||| FLEEEEING.
 35762 | Vaults:4 | 35762 ||| FLEEEEING.
 35763 | Vaults:4 | 35763 ||| FLEEEEING.
 35764 | Vaults:4 | 35764 ||| FLEEEEING.
 35765 | Vaults:4 | 35765 ||| FLEEEEING.
 35766 | Vaults:4 | 35766 ||| FLEEEEING.
 35767 | Vaults:4 | 35767 ||| FLEEEEING.
 35768 | Vaults:4 | 35768 ||| FLEEEEING.
 35769 | Vaults:4 | 35769 ||| FLEEEEING.
 35770 | Vaults:4 | 35770 ||| FLEEEEING.
 35771 | Vaults:4 | 35771 ||| FLEEEEING.
 35772 | Vaults:4 | 35772 ||| FLEEEEING.
 35773 | Vaults:4 | 35773 ||| FLEEEEING.
 35774 | Vaults:4 | 35774 ||| FLEEEEING.
 35775 | Vaults:4 | 35775 ||| FLEEEEING.
 35798 | Vaults:4 | 35798 ||| FLEEEEING.
 35799 | Vaults:4 | 35799 ||| FLEEEEING.
 35800 | Vaults:4 | 35800 ||| FLEEEEING.
 35801 | Vaults:4 | 35801 ||| FLEEEEING.
 35802 | Vaults:4 | 35802 ||| FLEEEEING.
 35803 | Vaults:4 | 35803 ||| FLEEEEING.
 35842 | Vaults:4 | Received a gift from Okawaru
 35977 | Vaults:4 | 35977 ||| Stepping ~*~*~tactically~*~*~ (stealth).
 35978 | Vaults:4 | 35978 ||| Stepping ~*~*~tactically~*~*~ (stealth).
 35979 | Vaults:4 | 35979 ||| Stepping ~*~*~tactically~*~*~ (stealth).
 36101 | Vaults:4 | 36101 ||| Stepping ~*~*~tactically~*~*~ (stealth).
 36143 | Vaults:4 | Reached XP level 21. HP: 137/143 MP: 28/28
 36147 | Vaults:4 | 36147 ||| Stepping ~*~*~tactically~*~*~ (stealth).
 36149 | Vaults:4 | 36149 ||| Stepping ~*~*~tactically~*~*~ (stealth).
 36154 | Vaults:4 | Received a gift from Okawaru
 36212 | Vaults:4 | 36212 ||| READING scroll of enchant armour.
 36212 | Vaults:4 | 36212 ||| ENCHANTING +6 crystal plate armour.
 36244 | Vaults:4 | 36244 ||| Stepping ~*~*~tactically~*~*~ (stealth).
 36410 | Vaults:4 | 36410 ||| Stepping ~*~*~tactically~*~*~ (stealth).
 36412 | Vaults:4 | 36412 ||| Stepping ~*~*~tactically~*~*~ (hiding).
 36459 | Vaults:4 | 36459 ||| Stepping ~*~*~tactically~*~*~ (hiding).
 36716 | Vaults:4 | 36716 ||| FLEEEEING.
 36717 | Vaults:4 | 36717 ||| FLEEEEING.
 36718 | Vaults:4 | 36718 ||| FLEEEEING.
 36719 | Vaults:4 | 36719 ||| FLEEEEING.
 36720 | Vaults:4 | 36720 ||| FLEEEEING.
 36725 | Vaults:4 | 36725 ||| FLEEEEING.
 36726 | Vaults:4 | 36726 ||| FLEEEEING.
 36727 | Vaults:4 | 36727 ||| FLEEEEING.
 36728 | Vaults:4 | 36728 ||| FLEEEEING.
 36729 | Vaults:4 | 36729 ||| FLEEEEING.
 36741 | Vaults:4 | 36741 ||| FLEEEEING.
 36742 | Vaults:4 | 36742 ||| FLEEEEING.
 36752 | Vaults:4 | Reached skill level 6 in Dodging
 36828 | Vaults:4 | 36828 ||| PLANNING SHOALS:4
 37173 | Shoals:4 | Entered Level 4 of the Shoals
 37244 | Shoals:4 | 37244 ||| Stepping ~*~*~tactically~*~*~ (hiding).
 37252 | Shoals:4 | Received a gift from Okawaru
 37445 | Shoals:4 | 37445 ||| Stepping ~*~*~tactically~*~*~ (stealth).
 37446 | Shoals:4 | 37446 ||| Stepping ~*~*~tactically~*~*~ (stealth).
 37449 | Shoals:4 | 37449 ||| Stepping ~*~*~tactically~*~*~ (hiding).
 37719 | Shoals:4 | Received a gift from Okawaru
 37731 | Shoals:4 | 37731 ||| INVOKING Heroism.
 37732 | Shoals:4 | 37732 ||| INVOKING Finesse.
 37772 | Shoals:4 | 37772 ||| INVOKING Heroism.
 37783 | Shoals:4 | 37783 ||| Stepping ~*~*~tactically~*~*~ (hiding).
 37809 | Shoals:4 | 37809 ||| INVOKING Finesse.
 37839 | Shoals:4 | 37839 ||| INVOKING Heroism.
 37856 | Shoals:4 | Received a gift from Okawaru
 37876 | Shoals:4 | 37876 ||| Stepping ~*~*~tactically~*~*~ (hiding).
 37878 | Shoals:4 | 37878 ||| Stepping ~*~*~tactically~*~*~ (hiding).
 37910 | Shoals:4 | 37910 ||| FLEEEEING.
 37911 | Shoals:4 | 37911 ||| FLEEEEING.
 37912 | Shoals:4 | 37912 ||| FLEEEEING.
 37913 | Shoals:4 | 37913 ||| FLEEEEING.
 37914 | Shoals:4 | 37914 ||| FLEEEEING.
 37915 | Shoals:4 | 37915 ||| FLEEEEING.
 37916 | Shoals:4 | 37916 ||| FLEEEEING.
 37917 | Shoals:4 | 37917 ||| FLEEEEING.
 37918 | Shoals:4 | 37918 ||| FLEEEEING.
 37919 | Shoals:4 | 37919 ||| FLEEEEING.
 37920 | Shoals:4 | 37920 ||| FLEEEEING.
 37921 | Shoals:4 | 37921 ||| FLEEEEING.
 37922 | Shoals:4 | 37922 ||| FLEEEEING.
 37923 | Shoals:4 | 37923 ||| FLEEEEING.
 38014 | Shoals:4 | 38014 ||| READING scroll of enchant armour.
 38014 | Shoals:4 | 38014 ||| ENCHANTING +7 crystal plate armour.
 38045 | Shoals:4 | Identified the +0 plate armour "Zutiz" {Harm}
 38380 | Shoals:4 | Got a barnacled rune of Zot
 38450 | Shoals:4 | 38450 ||| PLANNING DEPTHS
 38450 | Shoals:4 | 38450 ||| DROPPING amulet of magic regeneration.
 38697 | Depths:1 | Entered Level 1 of the Depths
 38751 | Depths:1 | Found Tiliebri's Neck Hole.
 38789 | Depths:1 | Received a gift from Okawaru
 38844 | Depths:1 | 38844 ||| DROPPING +2 broad axe.
 39049 | Depths:1 | 39049 ||| Stepping ~*~*~tactically~*~*~ (hiding).
 39075 | Depths:1 | Found a one-way gate leading to the halls of Pandemonium.
 39076 | Depths:1 | 39076 ||| Stepping ~*~*~tactically~*~*~ (hiding).
 39100 | Depths:1 | Reached skill level 21 in Armour
 39127 | Depths:1 | 39127 ||| Stepping ~*~*~tactically~*~*~ (hiding).
 39128 | Depths:1 | 39128 ||| Stepping ~*~*~tactically~*~*~ (hiding).
 39131 | Depths:1 | 39131 ||| Stepping ~*~*~tactically~*~*~ (hiding).
 39302 | Depths:1 | 39302 ||| INVOKING Heroism.
 39303 | Depths:1 | 39303 ||| INVOKING Finesse.
 39345 | Depths:1 | 39345 ||| Stepping ~*~*~tactically~*~*~ (hiding).
 39346 | Depths:1 | 39346 ||| Stepping ~*~*~tactically~*~*~ (hiding).
 39348 | Depths:1 | 39348 ||| Stepping ~*~*~tactically~*~*~ (hiding).
 39399 | Depths:1 | Found a one-way gateway to a ziggurat.
 39400 | Depths:1 | 39400 ||| DROPPING +1 pair of gloves of Noughts and Crosses
                  | {Str-2 Dex+3}.
 39435 | Depths:1 | 39435 ||| Stepping ~*~*~tactically~*~*~ (hiding).
 39436 | Depths:1 | 39436 ||| Stepping ~*~*~tactically~*~*~ (hiding).
 39437 | Depths:1 | 39437 ||| Stepping ~*~*~tactically~*~*~ (hiding).
 39447 | Depths:1 | Noticed Aizul
 39466 | Depths:1 | Killed Aizul
 39660 | Depths:1 | Found a gateway to Hell.
 39810 | Depths:1 | Found Awalaesa's Distillery.
 39814 | Depths:1 | 39814 ||| BUYING potion of curing (57 gold).
 39814 | Depths:1 | Bought a potion of curing for 57 gold pieces
 39814 | Depths:1 | 39814 ||| BUYING potion of curing (57 gold).
 39814 | Depths:1 | Bought a potion of curing for 57 gold pieces
 39814 | Depths:1 | 39814 ||| BUYING potion of enlightenment (95 gold).
 39814 | Depths:1 | Bought a potion of enlightenment for 95 gold pieces
 39814 | Depths:1 | 39814 ||| BUYING potion of haste (190 gold).
 39814 | Depths:1 | Bought a potion of haste for 190 gold pieces
 39814 | Depths:1 | 39814 ||| BUYING potion of heal wounds (95 gold).
 39814 | Depths:1 | Bought a potion of heal wounds for 95 gold pieces
 40268 | Depths:2 | 40268 ||| INVOKING Heroism.
 40307 | Depths:2 | 40307 ||| Stepping ~*~*~tactically~*~*~ (hiding).
 40351 | Depths:2 | 40351 ||| Stepping ~*~*~tactically~*~*~ (stealth).
 40368 | Depths:2 | 40368 ||| INVOKING Heroism.
 40369 | Depths:2 | 40369 ||| INVOKING Finesse.
 40391 | Depths:2 | 40391 ||| Stepping ~*~*~tactically~*~*~ (hiding).
 40395 | Depths:2 | Identified the ring "Orosel" {rC+ Dex+6}
 40400 | Depths:2 | 40400 ||| Stepping ~*~*~tactically~*~*~ (hiding).
 40454 | Depths:2 | 40454 ||| Stepping ~*~*~tactically~*~*~ (stealth).
 40462 | Depths:2 | 40462 ||| Stepping ~*~*~tactically~*~*~ (hiding).
 40483 | Depths:2 | 40483 ||| Stepping ~*~*~tactically~*~*~ (hiding).
 40495 | Depths:2 | 40495 ||| Stepping ~*~*~tactically~*~*~ (hiding).
 40500 | Depths:2 | 40500 ||| Stepping ~*~*~tactically~*~*~ (hiding).
 40558 | Depths:2 | 40558 ||| Stepping ~*~*~tactically~*~*~ (stealth).
 40559 | Depths:2 | 40559 ||| Stepping ~*~*~tactically~*~*~ (stealth).
 40560 | Depths:2 | 40560 ||| Stepping ~*~*~tactically~*~*~ (stealth).
 40565 | Depths:2 | 40565 ||| DROPPING +0 broad axe of flaming.
 40571 | Depths:2 | 40571 ||| FLEEEEING.
 40572 | Depths:2 | 40572 ||| INVOKING Heroism.
 40574 | Depths:2 | 40574 ||| INVOKING Finesse.
 40579 | Depths:2 | Found a one-way gate to the infinite horrors of the Abyss.
 40628 | Depths:2 | Identified the ring "Duvyikk" {Ice rPois Int+3 Stlth+}
 40653 | Depths:2 | 40653 ||| FLEEEEING.
 40654 | Depths:2 | 40654 ||| FLEEEEING.
 40664 | Depths:2 | 40664 ||| INVOKING Heroism.
 40671 | Depths:2 | Identified the amulet of Bimaxoask {Reflect Harm Dex+2
                  | SH+5}
 40715 | Depths:2 | 40715 ||| INVOKING Heroism.
 40907 | Depths:2 | 40907 ||| Stepping ~*~*~tactically~*~*~ (hiding).
 40909 | Depths:2 | 40909 ||| Stepping ~*~*~tactically~*~*~ (hiding).
 40914 | Depths:2 | 40914 ||| INVOKING Heroism.
 40922 | Depths:2 | Reached XP level 22. HP: 152/152 MP: 27/29
 40969 | Depths:2 | 40969 ||| Stepping ~*~*~tactically~*~*~ (stealth).
 40996 | Depths:2 | 40996 ||| Stepping ~*~*~tactically~*~*~ (hiding).
 41061 | Depths:2 | 41061 ||| Stepping ~*~*~tactically~*~*~ (stealth).
 41355 | Depths:2 | Identified the amulet "Hicloo Tobli" {Acrobat Str+4}
 41429 | Depths:2 | Reached skill level 22 in Armour
 41432 | Depths:2 | 41432 ||| INVOKING Heroism.
 41433 | Depths:2 | 41433 ||| INVOKING Finesse.
 41970 | Depths:2 | 41970 ||| UPGRADING to amulet "Hicloo Tobli" {Acrobat
                  | Str+4}.
 41980 | Depths:2 | 41980 ||| UPGRADING to ring "Orosel" {rC+ Dex+6}.
 41982 | Depths:2 | 41982 ||| DROPPING ring of protection from cold.
 42042 | Depths:3 | 42042 ||| Stepping ~*~*~tactically~*~*~ (hiding).
 42050 | Depths:3 | 42050 ||| Stepping ~*~*~tactically~*~*~ (hiding).
 42050 | Depths:3 | Noticed the Enchantress
 42051 | Depths:3 | 42051 ||| Stepping ~*~*~tactically~*~*~ (hiding).
 42055 | Depths:3 | 42055 ||| INVOKING Heroism.
 42078 | Depths:3 | Killed the Enchantress
 42165 | Depths:3 | 42165 ||| Stepping ~*~*~tactically~*~*~ (stealth).
 42233 | Depths:3 | 42233 ||| Stepping ~*~*~tactically~*~*~ (hiding).
 42235 | Depths:3 | 42235 ||| INVOKING Heroism.
 42249 | Depths:3 | Identified the +3 plate armour of Surprise {-Tele *Corrode
                  | rElec Stlth+}
 42250 | Depths:3 | Received a gift from Okawaru
 42266 | Depths:3 | Paralysed by a vampire knight for 3 turns
 42270 | Depths:3 | 42270 ||| INVOKING Heroism.
 42379 | Depths:3 | 42379 ||| Stepping ~*~*~tactically~*~*~ (stealth).
 42380 | Depths:3 | 42380 ||| Stepping ~*~*~tactically~*~*~ (hiding).
 42381 | Depths:3 | 42381 ||| INVOKING Heroism.
 42469 | Depths:3 | 42469 ||| Stepping ~*~*~tactically~*~*~ (stealth).
 42553 | Depths:3 | 42553 ||| Stepping ~*~*~tactically~*~*~ (stealth).
 42554 | Depths:3 | 42554 ||| Stepping ~*~*~tactically~*~*~ (stealth).
 42556 | Depths:3 | 42556 ||| Stepping ~*~*~tactically~*~*~ (hiding).
 42558 | Depths:3 | 42558 ||| Stepping ~*~*~tactically~*~*~ (hiding).
 42559 | Depths:3 | 42559 ||| Stepping ~*~*~tactically~*~*~ (hiding).
 42561 | Depths:3 | 42561 ||| Stepping ~*~*~tactically~*~*~ (hiding).
 42590 | Depths:3 | 42590 ||| Stepping ~*~*~tactically~*~*~ (hiding).
 42591 | Depths:3 | 42591 ||| Stepping ~*~*~tactically~*~*~ (hiding).
 42906 | Depths:3 | 42906 ||| INVOKING Heroism.
 42983 | Depths:3 | 42983 ||| Stepping ~*~*~tactically~*~*~ (stealth).
 42989 | Depths:3 | 42989 ||| Stepping ~*~*~tactically~*~*~ (hiding).
 42992 | Depths:3 | 42992 ||| Stepping ~*~*~tactically~*~*~ (hiding).
 43134 | Depths:3 | Found a shadowy altar of Dithmenos.
 43239 | Depths:3 | Found a shimmering altar of Xom.
 43297 | Depths:4 | Entered Level 4 of the Depths
 43297 | Depths:4 | Noticed a caustic shrike
 43297 | Depths:4 | Noticed a caustic shrike
 43298 | Depths:4 | 43298 ||| INVOKING Heroism.
 43298 | Depths:4 | Noticed a caustic shrike
 43316 | Depths:4 | Killed a caustic shrike
 43316 | Depths:4 | Received a gift from Okawaru
 43323 | Depths:4 | Killed a caustic shrike
 43323 | Depths:4 | Killed a caustic shrike
 43324 | Depths:4 | Reached skill level 9 in Dodging
 43331 | Depths:4 | HP: 35/152 [living spell/divine providence[a walking divine
                  | tome] (16)]
 43332 | Depths:4 | 43332 ||| READING 3 scrolls of teleportation.
 43333 | Depths:4 | 43333 ||| DRINKING potion of heal wounds.
 43335 | Depths:4 | 43335 ||| INVOKING Heroism.
 43365 | Depths:4 | 43365 ||| INVOKING Heroism.
 43396 | Depths:4 | HP: 38/152 [spriggan berserker/+0 war axe (9)]
 43397 | Depths:4 | 43397 ||| READING 2 scrolls of teleportation.
 43401 | Depths:4 | Received a gift from Okawaru
 43413 | Depths:4 | 43413 ||| READING scroll of teleportation.
 43415 | Depths:4 | 43415 ||| INVOKING Heroism.
 43415 | Depths:4 | HP: 15/152 [elephant[a spriggan berserker] (19)]
 43417 | Depths:4 | Found a gate to the Realm of Zot.
 43417 | Depths:4 | Noticed a golden dragon
 43419 | Depths:4 | HP: 4/152 [bone dragon (13)]
 43421 | Depths:4 | Slain by a bone dragon

Levels and vault maps discovered:
D:1:      spicycebolla_arrival_xxxplode, layout_basic
D:2:      layout_loops_ring
D:3:      layout_basic, nicolae_ashenzari_skybound,
          hellmonk_ecumenical_altar_watching_god
D:4:      cheibrodos_fertilizer, layout_loops_cross, nicolae_ru_path_of_blood,
          minmay_temple_entry_hall, ebering_ghost_sewer_f,
          minmay_misc_feat_hallway, uniq_robin
D:5:      layout_loops_ring, gammafunk_ghost_split, nicolae_eternal_life
D:6:      layout_rooms, grunt_ministairs_10, minmay_misc_feat_rugged,
          kennysheep_nondescript, nicolae_the_louvre, uniq_duvessa
D:7:      layout_basic, lemuel_round_altar, serial_rivers,
          chequers_serial_rivers_large_a, chequers_serial_rivers_small_b,
          chequers_serial_rivers_large_b, chequers_serial_rivers_marsh,
          uniq_pikel
D:8:      kennysheep_ambush_hall, layout_cave_pools, nrook_mini_vaults,
          minmay_holes, hangedman_abyss_or_decor_passed, uniq_psyche
D:9:      layout_roguey, enter_bailey_7, uniq_grum
D:10:     layout_roguey, mainiacjoe_overflow_small_starburst,
          nicolae_overflow_quartered_altars, erik_lair_orcish_takeover,
          kennysheep_generic_room_8, uniq_nergalle
D:11:     layout_loops_ring, david_orc_1_choice, gauntlet_entry_generic,
          portal_ice_cave_entry_pillars_1
D:12:     layout_rooms
D:13:     layout_stronghold, erik_vaults_2
D:14:     layout_stronghold, serial_demonic, serial_demonic_c, serial_demonic_d,
          serial_demonic_c, serial_demonic_a, minivault_11
D:15:     hangedman_depths_entry_civil_slaughter, layout_irregular_city,
          gammafunk_ghost_necromancy, minmay_fountain_box, serial_shops,
          nicolae_shop_rolling_square
Temple:   nicolae_temple_bog_church
Lair:1:   layout_cave_pods, chequers_serial_rivers_micro_e
Lair:2:   layout_regular_city, dummy_spider_entry,
          grunt_forest_small_clearing_treed, uniq_amaemon, uniq_maggie,
          uniq_harold
Lair:3:   beast_lair_carwin_large_1, layout_small_grid,
          minmay_shoals_entry_lonely_mermaid, ebering_ghost_disaster_area
Lair:4:   minmay_lair_oklob_tunnel, layout_concentric_octagons,
          gammafunk_lair_bear_cave
Lair:5:   hangedman_lair_caniforms_friends, layout_regular_city, slime_entry_1
Shoals:1: layout_shoals, ldierk_geyser
Shoals:2: layout_shoals, uniq_frances
Shoals:3: layout_shoals, serial_shops, nicolae_stop_n_shop_2,
          nicolae_shop_advertising_works [nicolae_subvault_shop_adworks],
          serial_nicolae_subway, nicolae_sub_station_stone,
          nicolae_sub_station_crystal, nicolae_sub_station_metal, uniq_ilsuiw,
          uniq_polyphemus
Shoals:4: shoals_end_hangedman, layout_shoals, shoals_ilsuiw_alternative,
          nicolae_shoals_kraken_intersection
Spider:1: layout_spider_delve, nicolae_spider_checkerboard, uniq_louise
Spider:2: layout_spider_delve, nicolae_spider_cling_ruins, drop_trap,
          uniq_arachne
Spider:3: layout_spider_delve, nicolae_spider_cling_halls
Spider:4: grunt_spider_rune_island
Orc:1:    layout_caves
Orc:2:    grunt_orc_gardens, layout_caves, grunt_orc_garden, grunt_orc_garden,
          grunt_orc_garden, grunt_orc_garden
Vaults:1: nicolae_vaults_circle_grid_a, nicolae_vaults_tetromino_L_1,
          grunt_vaults_diagonal, nicolae_vaults_two_Ls,
          nicolae_vaults_doubleplus_tesselated,
          vaults_room_grunt_arrival_checkpoint, ontoclasm_vaults_spin,
          vaults_mumra_minichess, nicolae_vaults_diamond_1,
          dpeg_vaults_monster_box, nicolae_vaults_wine_cellar,
          nicolae_vaults_trapezoid_2, layout_vaults_omnicross
Vaults:2: v_misc_9, nicolae_vaults_tetromino_T_1, vaults_mumra_hexcomb,
          vaults_room_pool, nicolae_vaults_weapon_check,
          nicolae_vaults_variable_pillar_hall,
          nicolae_vaults_little_guard_posts, v_misc_27, layout_vaults_omnigrid,
          serial_shops, nicolae_square_shop, uniq_mara, uniq_donald
Vaults:3: nicolae_vaults_network_square, v_misc_18, hangedman_vaults_stream,
          minmay_crypt_entry_necro_gods, vaults_room_guarded_vault,
          nicolae_vaults_storage_room_glass, nicolae_vaults_two_Ls,
          ontoclasm_vaults_pinch, nicolae_vaults_hexular_roomagon,
          nicolae_vaults_specimen_jars, hangedman_vaults_stretched_pinwheel,
          ontoclasm_vaults_eye, nicolae_vaults_sightless_eye,
          ontoclasm_vaults_decontamination, vaults_room_corners,
          layout_vaults_ring, serial_shops, statue_bzr, uniq_xtahua
Vaults:4: nicolae_vaults_big_angled_halls, v_pattern_4, v_alt_pattern_6,
          hangedman_vaults_locks, nicolae_vaults_ninety_degrees,
          nicolae_vaults_closet_pinwheel_5, nicolae_vaults_trapezoid_1,
          v_alt_pattern_3, nicolae_vaults_network_barrier,
          nicolae_vaults_offset_grid_hallway_3, v_misc_25, nicolae_vaults_theta,
          nicolae_vaults_asterisk, layout_vaults_omnibox, serial_shops,
          nicolae_shop_hallway_stairs
Depths:1: layout_basic, enter_ziggurat_d, grunt_mini_vestibule,
          rand_demon_pan_entry_1, hex_tiny, serial_shops, shop,
          nicolae_shop_sticking_my_neck_out, uniq_aizul
Depths:2: minmay_the_grid_triangle_9x9_rhombus_thin_mashed
          [minmay_the_grid_triangle_9x9_cache,
          minmay_the_grid_triangle_9x9_prize_special,
          minmay_the_grid_triangle_9x9_warning,
          minmay_the_grid_triangle_9x9_odd_lines], layout_gridville, pan_entry,
          pf_hell_entry_tar_river, abyss_entry, kennysheep_minor_cross,
          infiniplex_staircase_zigzag_4, serial_bayou_shore_a
Depths:3: nicolae_cairo_tiling, layout_gridville,
          nicolae_dithmenos_through_a_glass_darkly, abyss_entry, hell_entry,
          dk_noncrumbling_3, amcnicky_mini_corridor_feature, tgw_xom,
          uniq_margery, uniq_enchantress, uniq_grunn
Depths:4: grunt_zot_entry_bicorn, layout_gridlike, hellmouth_3,
          nicolae_twisting_strands, nicolae_trove_entry_isolated,
          kennysheep_treasure_room

Skill      XL: |  1  2  3  4  5  6  7  8  9 10 11 12 13 14 15 16 17 18 19 20 21 22 |
---------------+-------------------------------------------------------------------+-----
Axes           | 2 3 5 6 7 8 10 11 12 13 14 16 17 18 | 18.0
Fighting       | 4 5 6 7 9 10 11 12 14 15 17 18 20 | 20.0
Dodging        | 1 3 4 5 6 9 |  9.2
Throwing       | 1 4 6 7 8 9 10 | 10.3
Invocations    | 4 6 10 | 10.0
Shields        | 4 5 6 7 8 12 13 15 16 17 | 17.4
Armour         | 5 9 11 13 15 16 17 19 20 21 22 | 22.0

Action                     |  1- 3 |  4- 6 |  7- 9 | 10-12 | 13-15 | 16-18 | 19-21 | 22-24 || total
---------------------------+-------+-------+-------+-------+-------+-------+-------+-------++-------
  Melee: War axe           |   122 |   160 |   191 |   596 |   184 |       |       |       ||  1253
         Broad axe         |       |       |       |       |   779 |  1014 |  1379 |   355 ||  3527
         Demon whip        |       |       |       |       |    14 |       |       |       ||    14
  Throw: Boomerang         |       |    41 |    71 |    89 |    45 |   124 |   238 |    32 ||   640
         Javelin           |       |       |       |       |    54 |    40 |    85 |    23 ||   202
 Invoke: Heroism           |       |       |     8 |    26 |    23 |    28 |    18 |    10 ||   113
         Finesse           |       |       |       |       |     9 |    14 |     9 |     1 ||    33
    Use: Scroll            |     7 |     9 |     3 |     9 |     7 |    12 |    10 |     3 ||    60
         Potion            |       |     3 |       |     4 |     1 |     8 |     1 |     1 ||    18
   Stab: Distracted        |       |       |       |       |     1 |       |       |       ||     1
         Petrified         |       |       |       |       |     5 |       |       |       ||     5
         Petrifying        |       |       |       |       |     1 |       |       |       ||     1
 Armour: Scale mail        |    92 |    80 |    49 |    44 |       |       |       |       ||   265
         Chain mail        |       |       |    52 |       |       |       |       |       ||    52
         Plate armour      |       |       |       |   257 |   287 |       |       |       ||   544
         Crystal plate arm |       |       |       |       |    77 |   388 |   265 |   104 ||   834
  Dodge: Dodged            |    80 |    69 |    65 |   226 |   185 |    71 |    98 |    68 ||   862
  Block: Buckler           |    30 |    26 |    30 |   160 |   266 |       |       |       ||   512
         Reflection        |       |       |       |       |    22 |    88 |    54 |       ||   164
         Kite shield       |       |       |       |       |   388 |  1373 |  1202 |   426 ||  3389

Table legend:
 A = Non-vault XP
 B = Vault XP
 C = Vault XP percentage of total XP
 D = Non-vault monster count
 E = Vault monster count
 F = Vault count percentage of total count
                 A         B        C        D         E       F
            +---------+---------+-------+---------+---------+-------
      Total |  408790 |  255205 |  38.4 |    1000 |     458 |  31.4
            +---------+---------+-------+---------+---------+-------
        D:1 |      57 |       0 |   0.0 |      27 |       0 |   0.0
        D:2 |      51 |       0 |   0.0 |      23 |       0 |   0.0
        D:3 |     278 |       0 |   0.0 |      19 |       0 |   0.0
        D:4 |     636 |     194 |  23.4 |      24 |      30 |  55.6
        D:5 |     624 |       0 |   0.0 |      16 |       0 |   0.0
        D:6 |     998 |     214 |  17.7 |      16 |       2 |  11.1
        D:7 |    1199 |     651 |  35.2 |      17 |       1 |   5.6
        D:8 |    3065 |    1624 |  34.6 |      35 |       9 |  20.5
        D:9 |     781 |     684 |  46.7 |       8 |       9 |  52.9
       D:10 |    1893 |    1542 |  44.9 |      23 |      10 |  30.3
       D:11 |    5237 |     544 |   9.4 |      15 |       9 |  37.5
       D:12 |    2886 |       0 |   0.0 |      10 |       0 |   0.0
       D:13 |    7769 |    6919 |  47.1 |      16 |       8 |  33.3
       D:14 |   14789 |    5285 |  26.3 |      34 |      12 |  26.1
       D:15 |   14795 |    4012 |  21.3 |      25 |       6 |  19.4
     Lair:1 |    5246 |       0 |   0.0 |      20 |       0 |   0.0
     Lair:2 |    5240 |    2506 |  32.4 |      20 |       4 |  16.7
     Lair:3 |    6379 |    1937 |  23.3 |      27 |       9 |  25.0
     Lair:4 |   11358 |    4112 |  26.6 |      32 |      11 |  25.6
     Lair:5 |   17786 |   10364 |  36.8 |      49 |      56 |  53.3
   Shoals:1 |   20006 |       0 |   0.0 |      41 |       0 |   0.0
   Shoals:2 |   12514 |    1511 |  10.8 |      22 |       1 |   4.3
   Shoals:3 |   19063 |    8578 |  31.0 |      35 |      10 |  22.2
   Shoals:4 |    6641 |   24931 |  79.0 |      14 |      35 |  71.4
   Spider:1 |   15358 |    1151 |   7.0 |      42 |       1 |   2.3
   Spider:2 |    9781 |    1997 |  17.0 |      26 |       1 |   3.7
   Spider:3 |   13584 |       0 |   0.0 |      30 |       0 |   0.0
   Spider:4 |   13014 |   23283 |  64.1 |      29 |      42 |  59.2
      Orc:1 |    3468 |       0 |   0.0 |      17 |       0 |   0.0
      Orc:2 |    3911 |    8170 |  67.6 |      33 |      12 |  26.7
   Vaults:1 |   22704 |   22303 |  49.6 |      37 |      28 |  43.1
   Vaults:2 |   39899 |   16470 |  29.2 |      56 |      18 |  24.3
   Vaults:3 |   19423 |   40075 |  67.4 |      26 |      47 |  64.4
   Vaults:4 |   23772 |   15636 |  39.7 |      31 |      25 |  44.6
   Depths:1 |   15235 |    8150 |  34.9 |      20 |      11 |  35.5
   Depths:2 |   32312 |   20730 |  39.1 |      46 |      17 |  27.0
   Depths:3 |   20738 |   12051 |  36.8 |      27 |      13 |  32.5
   Depths:4 |   16300 |    4578 |  21.9 |      12 |       6 |  33.3
   Gauntlet |       0 |    5003 | 100.0 |       0 |      15 | 100.0
            +---------+---------+-------+---------+---------+-------
